 Dungeon Crawl Stone Soup version 0.17-a0-2030-g9ce824c (webtiles) character file.

6053215 Oper80 the Impregnable (level 27, 241/255 HPs)
             Began as a Demonspawn Fighter on Sept 29, 2015.
             Was the Champion of Trog.
             Escaped with the Orb
             ... and 10 runes on Oct 11, 2015!
             The game lasted 16:27:27 (134977 turns).

Oper80 the Impregnable (Demonspawn Fighter)       Turns: 134977, Time: 16:27:28

Health: 241/255    AC: 54    Str: 31    XL:     27
Magic:  30/30      EV: 36    Int:  9    God:    Trog [******]
Gold:   13703      SH: 25    Dex: 37    Spells: 0 memorised, 26 levels left

rFire  + + +     SeeInvis +     K - +9 demon trident (elec)
rCold  + + +     Clarity  +     O - +12 gold dragon armour
rNeg   + + .     SustAt   .     C - +4 shield of the Flute {rF+ MR+ Dex+4}
rPois  +         Gourm    .     (helmet unavailable)
rElec  +         Spirit   .     Y - +3 cloak "Etiskej" {Dex+5}
rCorr  .         Warding  .     c - +2 pair of fencer's gloves {LBl+4 SBl+4 EV+3 Dex+6}
rMut   .         Stasis   .     Z - +1 pair of boots "Etuwnelu" {Str+4 Dex+4}
MR     +++++                    A - amulet of the Four Winds {Clar rN+ MR+++}
Stlth  ..........               m - ring "Cotamit" {*Contam rF+ rC++ rN+ MR+}
                                W - ring of Makhleb's Supremacy {+Fly rElec rF++ Int+3 Dex+3}

@: glowing, almost entirely resistant to hostile enchantments, extremely
unstealthy
A: antennae 3, hooves 1, rugged brown scales 3, cold resistance 1, demonic
guardian 3, dopey 2, low mp 2, passive freeze, poison resistance, spiny 3,
freezing cloud immunity, subdued magic 1
a: Burn Spellbooks, Berserk, Trog's Hand, Brothers in Arms, Renounce Religion,
Evoke Flight
0: Orb of Zot
}: 10/15 runes: decaying, slimy, silver, golden, demonic, glowing, magical,
fiery, dark, gossamer


You escaped.
You worshipped Trog.
Trog was exalted by your worship.
You were not hungry.

You visited 16 branches of the dungeon, and saw 70 of its levels.
You visited Pandemonium 3 times, and saw 32 of its levels.
You visited the Abyss 5 times.
You visited 2 ziggurats, and saw 40 of their levels (deepest: 20).
You also visited: Trove and Volcano.

You collected 16526 gold pieces.
You spent 2229 gold pieces at shops.

Inventory:

Hand Weapons
 e - a +9 demon trident of flaming
 B - a +9 demon trident of draining
 K - a +9 demon trident of electrocution (weapon)
Armour
 c - the +2 pair of fencer's gloves (worn) {LBl+4 SBl+4 EV+3 Dex+6}
   (You found it on level 3 of the Tomb of the Ancients)

   It affects your evasion (+3).
   It affects your dexterity (+6).
 C - the +4 shield of the Flute (worn) {rF+ MR+ Dex+4}
   (You found it on level 6 of the Pits of Slime)

   It affects your dexterity (+4).
   It protects you from fire.
   It affects your resistance to hostile enchantments.
 O - a +12 gold dragon armour (worn)
 Y - the +3 cloak "Etiskej" (worn) {Dex+5}
   (You acquired it on level 3 of the Crypt)

   It affects your dexterity (+5).
 Z - the +1 pair of boots "Etuwnelu" (worn) {Str+4 Dex+4}
   (You found it on level 4 of the Lair of Beasts)

   It affects your strength (+4).
   It affects your dexterity (+4).
Jewellery
 m - the ring "Cotamit" (right hand) {*Contam rF+ rC++ rN+ MR+}
   (You found it on level 18 of a ziggurat)

   [ring of protection from fire]

   It protects you from fire.
   It greatly protects you from cold.
   It protects you from negative energy.
   It affects your resistance to hostile enchantments.
   It causes magical contamination when unequipped.
 r - an uncursed amulet of resist mutation
 A - the amulet of the Four Winds (around neck) {Clar rN+ MR+++}
   (You found it on level 3 of the Tomb of the Ancients)

   [amulet of clarity]

   It provides mental clarity.
   It protects you from negative energy.
   It affects your resistance to hostile enchantments.
 N - an uncursed amulet of the gourmand
 W - the ring of Makhleb's Supremacy (left hand) {+Fly rElec rF++ Int+3 Dex+3}
   (You took it off a tengu reaver on level 4 of the Vaults)

   [ring of dexterity]

   It affects your intelligence (+3).
   It affects your dexterity (+3).
   It greatly protects you from fire.
   It insulates you from electricity.
   It lets you fly.
Wands
 a - a wand of invisibility (3)
 g - a wand of teleportation (2)
 l - a wand of hasting (3)
 o - a wand of heal wounds (6)
 s - a wand of digging (7)
 F - a wand of heal wounds (4)
Scrolls
 b - a scroll of silence
 j - 4 scrolls of recharging
 k - 41 scrolls of teleportation
 q - 19 scrolls of identify
 w - 9 scrolls of enchant weapon
 z - 12 scrolls of magic mapping
 E - 33 scrolls of remove curse
 H - 17 scrolls of enchant armour
 M - 2 scrolls of summoning
Potions
 h - 29 potions of curing
 v - a potion of invisibility
 x - 4 potions of might
 G - 4 potions of agility
 P - 7 potions of haste
Miscellaneous
 d - 3 phantom mirrors
 i - a fan of gales
 t - a lamp of fire (inert)
 u - the horn of Geryon
 I - a phial of floods
 Q - a stone of tremors
Comestibles
 f - 16 meat rations


   Skills:
 * Level 24.3 Fighting
   Level 13.6(17.6) Short Blades
   Level 0.6(13.0) Long Blades
   Level 6.6(18.7) Axes
 + Level 25.7(25.9) Polearms
   Level 4.2 Crossbows
 - Level 11.1 Throwing
 * Level 26.4 Armour
 * Level 24.2 Dodging
 * Level 24.9 Shields
   Level 4.6 Invocations
 + Level 22.0 Evocations


You had 26 spell levels left.
You didn't know any spells.

Dungeon Overview and Level Annotations

Branches:
Dungeon (15/15)            Temple (1/1) D:6            Lair (8/8) D:8
  Swamp (4/4) Lair:5       Spider (4/4) Lair:6        Slime (6/6) Lair:7
    Orc (4/4) D:9             Elf (3/3) Orc:4        Vaults (5/5) D:14
  Crypt (3/3) Vaults:3       Tomb (3/3) Crypt:3      Depths (5/5) D:15
   Hell (1/1)                 Dis (0/7) Hell            Geh (1/7) Hell
    Coc (0/7) Hell            Tar (2/7) Hell            Zot (5/5) Depths:5

Altars:
Ashenzari
Cheibriados
Dithmenos
Elyvilon
Fedhas
Gozag
Kikubaaqudgha
Makhleb
Nemelex Xobeh
Okawaru
Qazlal
Ru
Sif Muna
Trog
Vehumet
Xom
Yredelemnul
Zin
The Shining One
Beogh
Jiyva

Shops:
Orc:1 =   Orc:2 (   Orc:4 }?!(   Elf:1 %   Elf:3 =   Vaults:1 !   Vaults:2 [

Portals:
Hell: Lair:8 Depths:1 Depths:2 Depths:3 Depths:4 Depths:5
Abyss: Depths:2 Depths:4
Pandemonium: Depths:3

Annotations:
Depths:5 6 runed doors


Innate Abilities, Weirdness & Mutations

You have a pair of large antennae on your head (SInv).
You are completely covered in rugged brown scales (AC +3, +7% HP).
Your flesh is cold resistant.
A powerful demonic guardian rushes to your aid.
A frigid envelope surrounds you and freezes all who hurt you.
You are completely covered in sharp spines.
You are immune to freezing clouds.
You have large cloven feet.
You are very dopey. (Int -4)
Your magical capacity is very low (-20% MP).
Your system is resistant to poisons.
Your spells are a little easier to cast, but a little less powerful.


Message History

The daeva blocks your attack.
The cherub dissolves into sparkling lights!
The daeva dissolves into sparkling lights!
The seraph prays to the Shining One.
The seraph begins to accept its allies' injuries.
Your fire elemental misses the seraph.
The cherub is engulfed in roaring flames.
The cherub shoots a stone.
You block the stone.
The angel hits your fire elemental with a whip of holy wrath!!
The angel hits your fire elemental with a whip of holy wrath.
The seraph shouts a warning to its allies!
Your fire elemental closely misses the angel.
You block the cherub's attack. The cherub completely misses you.
The daeva completely misses you. You block the daeva's attack.
The angel is engulfed in roaring flames.
The angel hits your fire elemental with a whip of holy wrath!
The angel hits your fire elemental with a whip of holy wrath.
The seraph calls down the wrath of the Shining One upon you.
Something smites you!
You have escaped!

##################
#............AEAA#
#...........§§A§@#
#.......§§§§§AA..#
#.################
..........#
#########.# #.#
#### #.# ...# #.#
...# #.#


You could see a seraph (roused), a daeva, 2 angels, 2 cherubim and a friendly
fire elemental.

Vanquished Creatures
  Cerebov (Pan)
  the royal jelly (Slime:6)
  Mnoleg (Pan)
  3 ancient liches
  Khufu (Crypt:3)
  5 orbs of fire (Zot:5)
  The ghost of Herrn the Thanatomancer, a legendary NaFi of Cheibriados (Tomb:1)
  Mennas (Tomb:1)
  The ghost of Starve the Conqueror, a legendary GrHu of Ashenzari (Pan)
  Sojobo (Vaults:4)
  26 greater mummies
  Frederick (Depths:5)
  the Lernaean hydra (Swamp:4)
  Margery (Depths:3)
  Norris (Spider:2)
  Saint Roka (Depths:2)
  2 curse toes
  3 Killer Klowns
  10 golden dragons
  The ghost of Shredu92 the Warrior, a veteran DsGl of Ashenzari (Zig:8)
  8 pandemonium lords
  A profane servitor (Crypt:3)
  the Enchantress (Depths:2)
  2 bone dragons
  Arachne (Spider:2)
  20 Brimstone Fiends
  2 electric golems
  A hellephant (Pan)
  19 tentacled monstrosities
  5 liches
  8 Ice Fiends
  4 Hell Sentinels (Pan)
  8 titans
  5 quicksilver dragons
  Asterion (Spider:2)
  12 deep elf master archers
  25 Orb Guardians
  10 deep elf blademasters
  12 acid blobs
  14 Shadow Fiends
  3 ancient champions
  An eldritch tentacle (Tomb:2)
  3 tentacled starspawn (Abyss:1)
  A thorn hunter (Swamp:2)
  31 Executioners
  8 sphinxes
  8 warmongers (Pan)
  An octopode crusher (Zig:16)
  12 storm dragons
  10 death cobs
  6 shadow dragons
  10 frost giants
  15 blood saints
  10 tengu reavers
  8 draconian monks
  7 revenants
  3 daevas (Pan)
  16 azure jellies
  The ghost of donomii the Corrupter of Planes, a mighty DsAK of Lugonu (Swamp:3)
  19 greater nagas
  8 ghost moths
  Donald (Spider:3)
  9 deep elf sorcerers
  An iron dragon (Zig:6)
  11 draconian knights
  5 orc warlords
  7 fire giants
  9 vault wardens
  Aizul (Spider:2)
  Louise (Spider:1)
  4 draconian zealots
  9 emperor scorpions
  6 draconian scorchers
  2 curse skulls
  7 draconian shifters
  2 angels (Pan)
  26 balrugs
  A juggernaut zombie (Depths:1)
  9 ironheart preservers
  21 cacodemons (Pan)
  23 reapers
  10 ghouls
  2 spriggan defenders (Depths:2)
  9 draconian annihilators
  2 war gargoyles
  A caustic shrike skeleton (Zig:18)
  15 very ugly things
  31 stone giants
  7 draconian callers
  7 vampire knights
  11 bennus
  2 juggernaut skeletons
  18 deep elf demonologists
  9 lorocyprocas (Pan)
  3 salamander firebrands (Hell)
  7 apis (Pan)
  21 deep elf annihilators
  9 green draconians
  2 salamander stormcallers
  11 black draconians
  10 yellow draconians
  14 mottled draconians
  14 chaos champions (Pan)
  7 corrupters
  14 red draconians
  10 purple draconians
  13 ettins
  A dire elephant (Lair:8)
  12 white draconians
  3 crystal guardians (Depths:1)
  11 green deaths
  4 death oozes
  10 black suns (Pan)
  5 merfolk javelineers
  21 vault guards
  20 jiangshi
  A quicksilver dragon zombie (Hell)
  3 eidola
  6 deep elf death magi
  23 mummy priests
  15 blizzard demons
  Josephine (D:15)
  7 entropy weavers
  A merfolk impaler (Zig:16)
  26 fire dragons
  16 yaktaur captains
  Fannar (D:12)
  6 deep elf high priests
  A quicksilver dragon skeleton (Pan)
  2 naga warriors
  4 anacondas
  11 ice dragons
  3 spriggan air magi
  13 great orbs of eyes
  20 hydras
  13 monstrous demonspawn (Pan)
  Erolcha (D:10)
  6 hell beasts
  4 ghost crabs
  A merfolk avatar (Zig:16)
  8 death knights
  11 rakshasas
  2 catoblepae
  3 alligators
  2 merfolk aquamancers
  14 dancing weapons (Elf:2)
  3 deep troll shamans
  12 centaur warriors
  13 ogre magi
  20 death yaks
  10 tengu warriors
  9 orc high priests
  4 spriggan berserkers
  7 deep troll earth magi
  2 satyrs
  5 naga sharpshooters
  Urug (D:12)
  3 thrashing horrors (Abyss:1)
  10 hell hogs
  57 sun demons
  5 hell knights
  Sonja (Orc:2)
  3 iron golems (Hell)
  5 shock serpents
  8 vampire magi
  A fire crab (shapeshifter) (Vaults:2)
  A salamander mystic (Zig:12)
  3 wizards
  24 deep elf knights
  A storm dragon zombie (Zig:18)
  2 wretched stars (Abyss:1)
  42 soul eaters
  43 skeletal warriors
  2 titan skeletons
  2 sea snakes (Zig:16)
  2 storm dragon skeletons
  6 swamp dragons
  17 death scarabs
  5 iron trolls
  3 spriggan druids
  23 deep trolls
  A kraken simulacrum (Hell)
  3 golden dragon zombies
  A ball lightning (Pan)
  A cherub (Depths:5)
  3 anaconda zombies
  2 naga ritualists (Zig:14)
  23 infernal demonspawn (Pan)
  21 ice devils
  18 shadow wraiths
  8 giant orange brains
  2 shambling mangroves
  20 gelid demonspawn (Pan)
  15 ironbrand convokers
  6 starcursed masses (Abyss:1)
  9 harpies
  2 ice statues
  4 mana vipers
  7 flayed ghosts
  16 torturous demonspawn (Pan)
  A lindwurm (shapeshifter) (Elf:3)
  3 unseen horrors (shapeshifter)
  An obsidian statue (Zig:2)
  12 putrid demonspawn (Pan)
  A tengu zombie (Zig:18)
  11 deep elf summoners
  33 shadow demons
  35 anubis guards
  14 orc knights
  A sphinx zombie (Zig:18)
  13 hill giants
  3 shadow dragon zombies
  12 deep elf conjurers
  13 orb spiders
  3 anaconda skeletons
  6 unseen horrors
  A wolf spider zombie (D:15)
  3 golden dragon skeletons (Zig:18)
  A tengu skeleton (Zig:18)
  19 necromancers
  4 oklob plants
  9 shining eyes
  13 phantasmal warriors
  A frost giant zombie (Vaults:4)
  35 wolf spiders
  A spectral wolf spider (Crypt:3)
  A fire giant zombie (Tar:1)
  2 octopodes (shapeshifter)
  18 hornets
  9 orc sorcerers
  6 manticores
  7 griffons
  30 moths of wrath
  5 salamanders
  2 stone giant zombies
  A faun (Zig:16)
  14 cyclopes
  56 ugly things
  26 black mambas
  A siren (Zig:16)
  A sphinx skeleton (Zig:4)
  2 human skeletons
  12 elephants
  11 guardian serpents
  3 stone giant skeletons
  A wolf spider (shapeshifter) (Vaults:2)
  An apocalypse crab (Abyss:1)
  A fire giant skeleton (Tar:1)
  A shining eye (shapeshifter) (Depths:2)
  An elephant (shapeshifter) (Vaults:5)
  14 naga magi
  6 rust devils
  A salamander (shapeshifter) (Vaults:3)
  4 water nymphs (Zig:16)
  Joseph (D:7)
  3 iron dragon skeletons
  2 torpor snails
  4 dire elephant zombies
  A manticore (shapeshifter) (Elf:3)
  A shock serpent skeleton (Pan)
  33 sixfirhies (Pan)
  6 eyes of devastation
  3 black mambas (shapeshifter)
  38 smoke demons
  An orange crystal statue (Depths:3)
  9 vault sentinels
  16 spiny frogs
  A gargoyle (Volcano)
  A mottled draconian zombie (Crypt:1)
  29 orange demons
  2 yaktaur zombies
  A dire elephant skeleton (Pan)
  An emperor scorpion zombie (Crypt:1)
  6 efreet
  An elf zombie (Zig:18)
  14 komodo dragons
  11 hellions
  5 ancient zymes
  9 blue devils
  A queen bee (shapeshifter) (Depths:5)
  7 kobold demonologists
  2 yaktaur skeletons (Vaults:4)
  5 fire drakes
  33 demonic crawlers
  16 trolls
  53 yaktaurs
  36 hellwings
  12 tormentors
  A catoblepas skeleton (Tar:1)
  16 deep elf priests
  3 silent spectres
  A white draconian skeleton (Crypt:2)
  45 guardian mummies
  A hydra zombie (Tar:1)
  3 spriggan skeletons
  19 freezing wraiths
  24 red devils
  A queen bee (Lair:5)
  10 raiju (Abyss:1)
  A troll (shapeshifter) (Vaults:5)
  A polar bear (D:9)
  2 wind drakes
  3 tengu conjurers
  17 jumping spiders
  6 giant leeches
  2 iron dragon simulacra (Crypt:1)
  6 boulder beetles
  A shadow dragon simulacrum (Depths:2)
  9 blink frogs
  8 merfolk
  4 hydra skeletons
  A fire giant simulacrum (Depths:1)
  4 snapping turtles
  18 two-headed ogres
  A tengu simulacrum (Depths:1)
  10 ushabtiu
  22 trapdoor spiders
  17 bog bodies
  82 slime creatures
  2 ettin zombies
  An ice dragon zombie (Hell)
  A jumping spider zombie (Crypt:1)
  32 tarantellas
  22 wraiths
  49 redbacks
  A black mamba zombie (Crypt:2)
  95 flying skulls
  An alligator skeleton (Crypt:2)
  11 spriggans
  39 yaks
  32 ynoxinuls
  6 air elementals
  2 ettin skeletons
  4 vampires
  2 frost giant simulacra
  An ice dragon skeleton (Crypt:1)
  7 shadows
  6 fire elementals
  5 water elementals
  30 deep elf magi
  3 fire dragon skeletons
  8 wyverns
  A hog (Swamp:2)
  6 basilisks
  6 hungry ghosts
  A fire bat (Abyss:1)
  A black mamba skeleton (Tomb:1)
  8 nagas
  37 deep elf fighters
  17 hippogriffs
  A hill giant skeleton (Crypt:1)
  20 wolves
  32 vampire mosquitoes
  16 golden eyes
  An infernal demonspawn zombie (Crypt:2)
  48 neqoxecs
  10 porcupines
  17 water moccasins
  22 chaos spawn
  8 wargs
  21 hell hounds
  23 swamp worms
  41 large abominations
  A spectral troll (Crypt:3)
  32 spiders
  2 mottled dragons
  A spectral snapping turtle (Crypt:3)
  A merfolk skeleton (Tomb:1)
  10 swamp drakes
  2 spiny frog zombies (Hell)
  40 orc warriors
  A monstrous demonspawn skeleton (Crypt:1)
  A putrid demonspawn skeleton (Crypt:1)
  3 spiny frog skeletons
  54 ogres
  A spriggan simulacrum (Depths:1)
  5 boggarts (Depths:4)
  4 phantoms
  2 black bears (D:12)
  9 ice beasts
  15 necrophages
  13 wasps
  5 sky beasts
  A snapping turtle zombie (Crypt:2)
  3 swamp dragon skeletons
  6 eyes of draining
  A fire dragon simulacrum (Crypt:3)
  19 centaurs
  7 big kobolds
  A manticore skeleton (Pan)
  16 crocodiles
  A crocodile (shapeshifter) (D:15)
  20 giant frogs
  4 brain worms (Pan)
  A water moccasin zombie (D:9)
  An earth elemental (D:14)
  2 wyvern skeletons
  5 scorpions
  9 electric eels
  14 killer bees (Lair:5)
  A queen bee zombie (Crypt:2)
  19 wights
  9 small abominations
  5 crimson imps
  7 hounds
  38 jellies
  A lava snake (D:7)
  3 human simulacra
  2 giant frog zombies
  4 quasits
  4 centaur zombies
  2 wasp zombies
  Crazy Yiuf (D:4)
  2 human zombies (Crypt:2)
  24 orc priests
  3 iron imps
  30 orc wizards
  A basilisk skeleton (Crypt:2)
  2 centaur skeletons
  11 iguanas
  9 worker ants
  A lightning spire (Zig:6)
  A killer bee zombie (D:5)
  A naga zombie (Crypt:1)
  32 sheep
  A brain worm zombie (Crypt:1)
  An ogre zombie (Crypt:1)
  A centaur simulacrum (D:9)
  A giant frog simulacrum (D:9)
  59 mummies
  4 worker ant zombies
  Natasha (twice) (D:4)
  21 adders
  3 gnolls (D:3)
  2 hound simulacra (D:9)
  9 shadow imps
  21 white imps
  49 river rats
  A giant eyeball (shapeshifter) (Vaults:5)
  A giant eyeball (Pan)
  4 ufetubi
  6 oozes
  2 adder zombies
  5 adder skeletons
  An iguana skeleton (Crypt:2)
  5 worms
  An adder simulacrum (D:9)
  6 giant geckos
  211 orcs
  3 giant cockroaches
  15 goblins
  9 hobgoblins
  4 jackals
  15 kobolds
  5 quokkas
  5 bats
  3 giant newts
  A giant newt skeleton (Crypt:1)
  A quokka simulacrum (D:9)
  3 quokka zombies
  7 rats
  A block of ice (Pan)
  A briar patch (Swamp:2)
  2 crawling corpses (Zig:17)
  4 fire vortices
  A plant (Zig:14)
4555 creatures vanquished.

Vanquished Creatures (collateral kills)
  Gloorx Vloq (Pan)
  4 ancient liches
  3 greater mummies
  Geryon (Hell)
  A golden dragon (Depths:5)
  Nikola (Spider:2)
  A profane servitor (Zig:12)
  A bone dragon (Abyss:1)
  4 liches
  A Brimstone Fiend (Pan)
  An electric golem (Zot:5)
  Jorgrun (Spider:3)
  Rupert (Lair:3)
  2 tentacled monstrosities
  2 pandemonium lords
  3 Orb Guardians (Zot:5)
  4 deep elf master archers
  2 deep elf blademasters
  A Shadow Fiend (Pan)
  An eldritch tentacle (Pan)
  A titan (Vaults:5)
  13 acid blobs
  11 sphinxes
  A tentacled starspawn (Abyss:1)
  An Executioner (Zig:9)
  The ghost of Banto the Brawler, a mighty TrCK of Xom (Spider:3)
  Frances (Swamp:2)
  A storm dragon (Depths:5)
  Kirke (Swamp:2)
  2 revenants
  3 tengu reavers
  A thorn hunter (Swamp:2)
  2 shadow dragons
  The ghost of twist the Markscentaur, a mighty CeHu of Okawaru (Spider:3)
  8 greater nagas
  An azure jelly (Zig:13)
  5 deep elf sorcerers
  A frost giant (Depths:2)
  Maud (D:10)
  3 fire giants
  3 warmongers (Pan)
  3 ghost moths
  A draconian knight (Zot:5)
  3 vault wardens
  A curse skull (Pan)
  A draconian zealot (Zot:2)
  2 cacodemons (Pan)
  2 draconian shifters
  4 stone giants
  3 emperor scorpions
  2 draconian annihilators
  2 ironheart preservers
  2 lorocyprocas
  A war gargoyle (Hell)
  4 reapers
  2 spriggan defenders
  2 black draconians
  7 deep elf demonologists
  A very ugly thing (Depths:4)
  3 green draconians
  2 blood saints
  A bennu (Tomb:1)
  2 yellow draconians
  A salamander stormcaller (Zig:8)
  5 white draconians
  A corrupter (Pan)
  3 mottled draconians
  2 purple draconians
  7 deep elf annihilators
  A deep elf death mage (Elf:3)
  A crystal guardian (Depths:1)
  3 merfolk javelineers
  2 jiangshi
  2 ettins
  8 vault guards
  5 fire dragons
  A merfolk impaler (Zig:16)
  A death ooze (Slime:6)
  A mummy priest (Tomb:1)
  3 deep elf high priests
  4 great orbs of eyes
  2 ice dragons
  3 entropy weavers
  7 yaktaur captains
  Harold (D:10)
  A centaur warrior (Depths:4)
  A hell beast (Zig:9)
  A spriggan air mage (Depths:2)
  2 monstrous demonspawn (Pan)
  10 hydras
  3 naga warriors (Zig:20)
  3 death knights
  A catoblepas (Lair:6)
  A merfolk aquamancer (Zig:16)
  7 ogre magi
  An alligator snapping turtle (Zig:15)
  3 anacondas
  3 deep troll earth magi
  3 death yaks
  2 deep troll shamans
  3 spriggan berserkers
  A shock serpent (Zig:12)
  A vampire mage (Zig:12)
  3 sun demons (Pan)
  A soul eater (Hell)
  A naga sharpshooter (Zig:20)
  A deep elf knight (Zig:17)
  A fire crab (Vaults:2)
  An ice devil (Abyss:1)
  2 gelid demonspawn (Pan)
  3 skeletal warriors
  2 swamp dragons (Swamp:4)
  2 ball lightnings (Pan)
  2 shadow demons (Pan)
  4 wizards (Zig:18)
  5 hill giants
  2 sea snakes (Zig:16)
  4 death scarabs (Tomb:1)
  2 salamander mystics
  3 infernal demonspawn (Pan)
  2 giant orange brains (Slime:6)
  4 naga ritualists
  2 flayed ghosts
  6 orc knights
  2 deep elf summoners
  A phantasmal warrior (Vaults:5)
  An anaconda skeleton (Crypt:2)
  3 necromancers
  5 anubis guards
  5 mana vipers
  6 deep trolls
  A torturous demonspawn (Pan)
  3 ironbrand convokers
  3 harpies (Vaults:1)
  4 shining eyes
  2 fauns (Zig:16)
  3 orb spiders (Zig:15)
  A deep elf conjurer (Elf:3)
  2 wolf spiders
  2 moths of wrath
  3 salamanders
  A manticore (Lair:4)
  An orc sorcerer (Depths:2)
  A worldbinder (Abyss:1)
  14 ugly things
  A fire giant zombie (Tomb:2)
  4 griffons
  5 elephants
  A cyclops (Orc:4)
  4 smoke demons (Pan)
  4 rust devils
  8 naga magi
  4 vault sentinels
  4 guardian serpents
  A torpor snail (Lair:6)
  7 black mambas
  An orange crystal statue (Depths:1)
  2 spiny frogs
  A shock serpent skeleton (Crypt:2)
  A catoblepas zombie (Hell)
  5 demonic crawlers
  7 orange demons
  A salamander skeleton (Vaults:3)
  3 tormentors
  An efreet (Zig:19)
  4 trolls
  3 deep elf priests
  8 fire drakes
  2 hellwings
  4 guardian mummies
  A freezing wraith (Vaults:1)
  A mottled draconian skeleton (Crypt:2)
  2 blue devils (Lair:8)
  3 jumping spiders
  7 two-headed ogres
  6 yaktaurs
  2 merfolk (Zig:16)
  3 red devils
  Prince Ribbit (D:7)
  A boulder beetle (Zig:15)
  6 slime creatures
  An ushabti (Tomb:1)
  4 large abominations
  A snapping turtle (Zig:16)
  4 bog bodies
  A raiju (Abyss:1)
  5 flying skulls
  7 trapdoor spiders
  2 tarantellas (Spider:4)
  2 wyverns (Lair:4)
  A hog (Swamp:2)
  11 redbacks
  A spriggan (Depths:2)
  An alligator skeleton (Hell)
  4 ynoxinuls
  A blink frog (Lair:1)
  2 water elementals
  8 deep elf magi
  2 golden eyes
  2 wolves
  2 vampire mosquitoes
  A hungry ghost (Tar:2)
  2 deep elf fighters (Elf:3)
  4 fire elementals (Zig:19)
  13 yaks
  4 neqoxecs
  A chaos spawn (Pan)
  5 nagas
  A steam dragon (Zig:6)
  4 wargs
  15 orc warriors
  A water moccasin (Lair:8)
  3 hell hounds
  A wasp (Depths:2)
  A spiny frog zombie (Hell)
  2 swamp drakes (Swamp:4)
  2 spiders
  2 phantoms
  An ettin simulacrum (Crypt:2)
  8 ogres
  2 crocodiles (Lair:8)
  4 centaurs
  A brain worm (Pan)
  A giant frog (Lair:7)
  5 wights
  A spriggan skeleton (Pan)
  5 small abominations
  13 jellies
  2 orc priests
  4 orc wizards
  Natasha (D:4)
  An iron imp (Hell)
  4 mummies
  Robin (D:3)
  2 white imps (Abyss:1)
  2 ufetubi (Abyss:1)
  A giant eyeball (Pan)
  2 worms (Spider:3)
  20 orcs
  6 goblins (D:3)
  A hobgoblin (D:3)
  A bat (D:3)
  A kobold (D:14)
  A briar patch (Swamp:2)
711 creatures vanquished.

Vanquished Creatures (others)
  3 liches
  An electric golem (Zot:5)
  A deep elf blademaster (Zig:19)
  An eldritch tentacle (Pan)
  An octopode crusher (Zig:15)
  A tengu reaver (Zig:11)
  2 pandemonium lords (Pan)
  A sphinx (Vaults:4)
  3 greater nagas
  A draconian knight (Zig:13)
  A ghost moth (Zig:15)
  A draconian zealot (Zot:3)
  A cacodemon (Pan)
  A war gargoyle (Hell)
  A draconian annihilator (Pan)
  A stone giant (Vaults:5)
  2 large abominations (Zig:19)
  A mottled draconian (Zot:3)
  A red draconian (Zot:4)
  A deep elf demonologist (Zig:17)
  2 green deaths (Pan)
  An ettin (Depths:3)
  A corrupter (Pan)
  A blizzard demon (Pan)
  A deep elf death mage (Vaults:3)
  2 yaktaur captains
  A vault guard (Vaults:2)
  2 deep elf high priests
  An ice dragon (Depths:3)
  2 spriggan air magi (Pan)
  3 centaur warriors
  A small abomination (Zig:17)
  An ogre mage (Depths:3)
  A hell knight (Vaults:5)
  A sun demon (Pan)
  3 deep elf knights
  An ice devil (Pan)
  A death scarab (Tomb:2)
  A deep troll (Depths:2)
  29 ball lightnings
  A deep elf summoner (Zig:19)
  A swamp dragon (Zig:15)
  5 deep elf conjurers
  An ugly thing (Depths:4)
  A sixfirhy (Pan)
  6 cyclopes
  2 wolf spiders
  An orc sorcerer (Zig:19)
  A hornet (Vaults:5)
  2 black mambas (Zig:20)
  2 vault sentinels
  2 hellions (Tar:1)
  An efreet (Pan)
  A shock serpent skeleton (Tomb:2)
  11 yaktaurs
  2 demonic crawlers
  3 fire drakes (Zig:19)
  A guardian mummy (Tomb:2)
  2 deep elf priests
  A jumping spider (Zig:6)
  A tengu conjurer (Zig:11)
  An ushabti (Tomb:2)
  A ynoxinul (Abyss:1)
  A redback (Spider:3)
  23 flying skulls
  A deep elf mage (Zig:19)
  A tarantella (Spider:3)
  3 deep elf fighters
  2 shadows
  A chaos spawn (Pan)
  3 neqoxecs (Pan)
  A tengu zombie (Depths:1)
  A naga (D:14)
  A swamp worm (Swamp:1)
  A black bear (D:8)
  8 centaurs
  2 orc warriors (Vaults:4)
  A giant frog (D:8)
  A wight (Tar:2)
  A crimson imp (D:8)
  An orc priest (D:8)
  A jelly (D:8)
  An iguana (D:8)
  An orc wizard (D:9)
  9 mummies (Tomb:2)
  A giant gecko (D:8)
  2 orcs
  3 blocks of ice (Pan)
  A briar patch (Swamp:2)
  A bush (Depths:2)
  3 crawling corpses (Zig:19)
  159 eldritch tentacle segments
  20 fungi
  3 lost souls
  A lurking horror (Abyss:1)
  19 plants
  16 starspawn tentacles (Abyss:1)
  140 starspawn tentacle segments (Abyss:1)
  4 tentacles (Hell)
  86 tentacle segments (Hell)
656 creatures vanquished.

Grand Total: 5922 creatures vanquished

Notes
Turn   | Place    | Note
--------------------------------------------------------------
     0 | D:1      | Oper80 the Demonspawn Fighter began the quest for the Orb.
     0 | D:1      | Reached XP level 1. HP: 18/18 MP: 1/1
   222 | D:1      | Gained mutation: A weak demonic guardian rushes to your aid. [demonic ancestry]
   222 | D:1      | Reached XP level 2. HP: 24/24 MP: 2/2
  1218 | D:2      | Found a basalt altar of Yredelemnul.
  1291 | D:2      | Gained mutation: You are partially covered in rugged brown scales (AC +1, +3% HP). [demonic ancestry]
  1291 | D:2      | Reached XP level 3. HP: 25/30 MP: 3/3
  1480 | D:2      | Found an ancient bone altar of Kikubaaqudgha.
  1866 | D:3      | Reached XP level 4. HP: 36/38 MP: 4/4
  1880 | D:3      | Noticed Robin
  1901 | D:3      | Reached skill level 4 in Fighting
  1918 | D:3      | Killed Robin
  2334 | D:3      | Found a stormy altar of Qazlal.
  2651 | D:4      | Found a blossoming altar of Fedhas.
  2651 | D:4      | Noticed a centaur
  2819 | D:3      | Noticed a phantom
  2834 | D:3      | Killed a phantom
  2834 | D:3      | Reached skill level 1 in Dodging
  2834 | D:3      | Reached XP level 5. HP: 18/43 MP: 5/5
  3092 | D:4      | Killed a centaur
  3347 | D:4      | Gained mutation: You are mostly covered in rugged brown scales (AC +2, +5% HP). [demonic ancestry]
  3347 | D:4      | Reached XP level 6. HP: 44/51 MP: 6/6
  3445 | D:4      | Found a sacrificial altar of Ru.
  3478 | D:4      | Noticed Natasha
  3486 | D:4      | Killed Natasha
  3955 | D:4      | Noticed Natasha
  3966 | D:4      | Killed Natasha
  4029 | D:4      | Noticed Natasha
  4034 | D:4      | Killed Natasha
  4109 | D:4      | Noticed Crazy Yiuf
  4116 | D:4      | Killed Crazy Yiuf
  4116 | D:4      | Reached skill level 1 in Evocations
  4297 | D:5      | Entered Level 5 of the Dungeon
  4401 | D:5      | Reached XP level 7. HP: 54/57 MP: 8/8
  4433 | D:5      | Reached skill level 5 in Fighting
  4647 | D:5      | Found a shadowy altar of Dithmenos.
  5673 | D:6      | Found a snail-covered altar of Cheibriados.
  5953 | D:6      | HP: 2/59 [orc warrior/hand axe (5)]
  5955 | D:6      | Gained mutation: You have a pair of small antennae on your head. [demonic ancestry]
  5955 | D:6      | Reached XP level 8. HP: 10/67 MP: 8/10
  6283 | D:6      | Found a staircase to the Ecumenical Temple.
  6614 | D:6      | Reached skill level 6 in Fighting
  6738 | D:6      | Found an opulent altar of Gozag.
  6898 | Temple   | Entered the Ecumenical Temple
  6955 | Temple   | Became a worshipper of Trog the Wrathful
  7084 | D:6      | Found a burning altar of Makhleb.
  7095 | D:6      | Reached skill level 5 in Armour
  7411 | D:7      | Noticed Prince Ribbit
  7523 | D:7      | Killed Prince Ribbit
  7946 | D:7      | Noticed Joseph
  7952 | D:7      | Found a sparkling altar of Nemelex Xobeh.
  7976 | D:7      | Killed Joseph
  7976 | D:7      | Reached skill level 5 in Polearms
  7976 | D:7      | Gained mutation: You are partially covered in sharp spines. [demonic ancestry]
  7976 | D:7      | Reached XP level 9. HP: 69/74 MP: 12/12
  8188 | D:7      | Reached skill level 7 in Fighting
  8353 | D:8      | Acquired Trog's first power
  8361 | D:8      | Reached skill level 5 in Evocations
  8880 | D:8      | Reached skill level 5 in Dodging
  8979 | D:8      | Found a shimmering altar of Xom.
  9238 | D:8      | Gained mutation: Your muscles are strong. (Str +2) [mutagenic meat]
  9239 | D:8      | Gained mutation: Your body sometimes deteriorates upon taking damage. [mutagenic meat]
  9397 | D:8      | Gained mutation: A demonic guardian rushes to your aid. [demonic ancestry]
  9397 | D:8      | Reached XP level 10. HP: 84/84 MP: 14/14
  9554 | D:8      | Found a staircase to the Lair.
 10064 | D:8      | Noticed a five-headed hydra
 10068 | D:8      | Killed a six-headed hydra
 10320 | D:9      | Found a roughly hewn altar of Beogh.
 10320 | D:9      | Found a staircase to the Orcish Mines.
 10326 | D:9      | Reached skill level 1 in Throwing
 10355 | D:9      | Acquired Trog's second power
 10380 | D:9      | Reached skill level 8 in Fighting
 10804 | Orc:1    | Entered Level 1 of the Orcish Mines
 10809 | Orc:1    | Noticed an orc knight
 10817 | Orc:1    | Killed an orc knight
 11201 | Orc:1    | Found Yptainti's Jewellery Boutique.
 11395 | Orc:2    | Noticed Sonja
 11465 | Orc:2    | Killed Sonja
 11778 | Orc:2    | Found Wunew's Weapon Shop.
 11793 | Orc:2    | Received a gift from Trog
 12090 | Orc:3    | Acquired Trog's third power
 12202 | Orc:4    | Entered Level 4 of the Orcish Mines
 12202 | Orc:4    | Found a staircase to the Elven Halls.
 12461 | Orc:4    | Noticed a cyclops
 12486 | Orc:4    | Gained mutation: You are mostly covered in sharp spines. [demonic ancestry]
 12486 | Orc:4    | Reached XP level 11. HP: 83/91 MP: 15/15
 12500 | Orc:4    | Killed a cyclops
 12523 | Orc:4    | Reached skill level 9 in Fighting
 12589 | Orc:4    | Noticed a deep troll
 12607 | Orc:4    | Killed a deep troll
 12618 | Orc:4    | Noticed an ogre mage
 12642 | Orc:4    | Killed an ogre mage
 12700 | Orc:4    | Noticed a cyclops
 12710 | Orc:4    | HP: 3/93 [cyclops/large rock (9)]
 12713 | Orc:4    | Killed a cyclops
 13004 | Orc:4    | Noticed a hill giant
 13007 | Orc:4    | Killed a hill giant
 13083 | Orc:4    | Found Fujexoji's Magic Scroll Shop.
 13085 | Orc:4    | Found Xomaukaj's Gadget Shop.
 13088 | Orc:4    | Found Xorawel's Distillery.
 13089 | Orc:4    | Noticed a deep troll
 13095 | Orc:4    | Killed a deep troll
 13109 | Orc:4    | Bought a scroll of identify for 26 gold pieces
 13111 | Orc:4    | Found Yrurecoo's Weapon Boutique.
 13114 | Orc:4    | Noticed an ogre mage
 13120 | Orc:4    | Killed an ogre mage
 13276 | Orc:4    | Noticed a hill giant
 13280 | Orc:4    | Killed a hill giant
 13349 | Orc:4    | Found a roughly hewn altar of Beogh.
 13539 | Orc:3    | Noticed an orc knight
 13545 | Orc:3    | Killed an orc knight
 13948 | Orc:3    | Received a gift from Trog
 14366 | Orc:3    | Found a radiant altar of Vehumet.
 14527 | Orc:1    | Bought an uncursed amulet of the gourmand for 480 gold pieces
 14768 | D:9      | Gained mutation: You passively map a small area around you. [mutagenic meat]
 14769 | D:9      | Gained mutation: Your magical capacity is low (-10% MP). [mutagenic meat]
 14770 | D:9      | Gained mutation: Your body often deteriorates upon taking damage. [mutagenic meat]
 14838 | D:9      | Reached XP level 12. HP: 85/101 MP: 15/15
 14943 | Lair:1   | Entered Level 1 of the Lair of Beasts
 15334 | Lair:1   | Gained mutation: You have very sharp teeth. [potion of mutation]
 15334 | Lair:1   | Gained mutation: Your natural rate of healing is unusually fast. [potion of mutation]
 15335 | Lair:1   | Gained mutation: Scrolls take you a little longer to read. [potion of mutation]
 15335 | Lair:1   | Lost mutation: Your body often deteriorates upon taking damage. [potion of mutation]
 15336 | Lair:1   | Lost mutation: Your magical capacity is low (-10% MP). [potion of mutation]
 15336 | Lair:1   | Gained mutation: You possess an exceptional clarity of mind. [potion of mutation]
 15352 | Lair:1   | Reached skill level 10 in Fighting
 16141 | Lair:2   | Received a gift from Trog
 16803 | Lair:3   | Noticed Rupert
 16813 | Lair:3   | Killed Rupert
 16839 | Lair:3   | Noticed a six-headed hydra
 16846 | Lair:3   | Killed a six-headed hydra
 16964 | Lair:3   | Received a gift from Trog
 16969 | Lair:3   | Got a faintly glowing trident {god gift}
 16970 | Lair:3   | Identified the +2 trident of the Vestibule of Hell {flame, rElec rC+} (Trog gifted it to you on level 3 of the Lair of Beasts)
 17091 | Lair:3   | Noticed a four-headed hydra
 17097 | Lair:3   | Killed a four-headed hydra
 17344 | Lair:4   | Got a pair of transparent boots
 17350 | Lair:4   | Identified the +1 pair of boots "Etuwnelu" {Str+4 Dex+4} (You found it on level 4 of the Lair of Beasts)
 17473 | Lair:4   | Reached XP level 13. HP: 104/109 MP: 19/19
 17702 | Lair:4   | Noticed a seven-headed hydra
 17708 | Lair:4   | Killed a seven-headed hydra
 17868 | Lair:4   | Reached skill level 11 in Fighting
 17888 | Lair:4   | Noticed a six-headed hydra
 17894 | Lair:4   | Killed a six-headed hydra
 18031 | Lair:4   | Received a gift from Trog
 18045 | Lair:4   | Reached skill level 10 in Armour
 18256 | Lair:5   | Got a scorched morningstar
 18297 | Lair:5   | Found a dark tunnel.
 18303 | Volcano  | Entered a volcano
 18305 | Volcano  | Identified the +7 morningstar of Vifeok {drain, Str+4 Int+4 Dex+3} (You found it on level 5 of the Lair of Beasts)
 18351 | Volcano  | Reached skill level 5 in Shields
 18707 | Lair:5   | Found a staircase to the Swamp.
 18755 | Lair:5   | Reached skill level 10 in Polearms
 19555 | Lair:6   | Found a hole to the Spider Nest.
 19778 | Lair:6   | Gained mutation: You are robust (+10% HP). [potion of beneficial mutation]
 19884 | Lair:6   | Received a gift from Trog
 20460 | Lair:7   | Found a staircase to the Slime Pits.
 20733 | Lair:7   | Gained mutation: You are completely covered in rugged brown scales (AC +3, +7% HP). [demonic ancestry]
 20733 | Lair:7   | Reached XP level 14. HP: 78/133 MP: 20/20
 20964 | Lair:7   | Reached skill level 10 in Dodging
 21121 | Lair:7   | Received a gift from Trog
 21395 | Lair:8   | Entered Level 8 of the Lair of Beasts
 21809 | Lair:8   | Reached skill level 12 in Fighting
 21934 | Lair:8   | Received a gift from Trog
 22437 | Lair:8   | Found a burning altar of Makhleb.
 22495 | Lair:8   | Found a gateway to Hell.
 22754 | Lair:8   | Upgraded the game from 0.17-a0-1927-g319369b to 0.17-a0-1941-gcc30b76
 23054 | Swamp:1  | Entered Level 1 of the Swamp
 23063 | Swamp:1  | Received a gift from Trog
 23126 | Swamp:1  | Gained mutation: You are completely covered in sharp spines. [demonic ancestry]
 23126 | Swamp:1  | Reached XP level 15. HP: 123/142 MP: 22/22
 23812 | Swamp:2  | Noticed a thorn hunter
 23828 | Swamp:2  | Killed a thorn hunter
 24272 | Swamp:2  | Noticed Frances
 24381 | Swamp:2  | Killed Frances
 24611 | Swamp:2  | Noticed a thorn hunter
 24624 | Swamp:2  | Killed a thorn hunter
 24643 | Swamp:2  | Noticed Kirke
 24656 | Swamp:2  | Killed Kirke
 24915 | Swamp:3  | Noticed donomii's ghost (mighty DsAK)
 24933 | Swamp:3  | Killed donomii's ghost
 24998 | Swamp:3  | Received a gift from Trog
 25628 | Swamp:4  | Entered Level 4 of the Swamp
 25648 | Swamp:4  | Reached skill level 13 in Fighting
 25813 | Swamp:3  | Reached skill level 10 in Evocations
 26412 | Swamp:4  | Noticed the 27-headed Lernaean hydra
 26426 | Swamp:4  | Killed the 27-headed Lernaean hydra
 26426 | Swamp:4  | Gained mutation: You have a pair of antennae on your head. [demonic ancestry]
 26426 | Swamp:4  | Reached XP level 16. HP: 138/153 MP: 23/23
 26524 | Swamp:4  | Got a decaying rune of Zot
 26760 | Swamp:4  | Received a gift from Trog
 27286 | Spider:1 | Entered Level 1 of the Spider Nest
 27477 | Spider:1 | Noticed Louise
 27481 | Spider:1 | Cast into the Abyss (Louise)
 28030 | Abyss:1  | Lost mutation: You are robust (+10% HP). [a neqoxec]
 28100 | Spider:1 | Escaped the Abyss
 28109 | Spider:1 | Killed Louise
 28527 | Spider:2 | Noticed Asterion
 28539 | Spider:2 | Killed Asterion
 28544 | Spider:2 | Received a gift from Trog
 28827 | Spider:2 | Noticed Aizul
 28857 | Spider:2 | Killed Aizul
 29005 | Spider:2 | Noticed Norris
 29017 | Spider:2 | Killed Norris
 29029 | Spider:2 | Reached skill level 14 in Fighting
 29072 | Spider:2 | Noticed Arachne
 29117 | Spider:2 | Killed Arachne
 29383 | Spider:3 | Noticed Nikola
 29389 | Spider:3 | Received a gift from Trog
 29452 | Spider:3 | Noticed Jorgrun
 29588 | Spider:3 | Noticed Donald
 29588 | Spider:3 | Noticed Banto's ghost (mighty TrCK)
 29624 | Spider:2 | Killed Nikola
 29770 | Spider:3 | Killed Jorgrun
 29776 | Spider:3 | Killed Banto's ghost
 29836 | Spider:3 | Killed Donald
 29844 | Spider:3 | Reached XP level 17. HP: 138/148 MP: 12/25
 29890 | Spider:3 | Noticed twist's ghost (mighty CeHu)
 29903 | Spider:3 | Killed twist's ghost
 30269 | Spider:3 | Reached skill level 1 in Crossbows
 30283 | Spider:3 | Received a gift from Trog
 30885 | Spider:4 | Entered Level 4 of the Spider Nest
 30924 | Spider:4 | Received a gift from Trog
 31740 | Spider:4 | Got a gossamer rune of Zot
 31985 | Spider:4 | Received a gift from Trog
 32890 | D:9      | Noticed a death yak
 32898 | D:9      | Killed a death yak
 33357 | D:10     | Entered Level 10 of the Dungeon
 33818 | D:10     | Noticed Harold
 33828 | D:10     | Killed Harold
 33871 | D:10     | Noticed Maud
 33878 | D:10     | Killed Maud
 33992 | D:10     | Noticed Erolcha
 34001 | D:10     | Killed Erolcha
 34363 | D:11     | Got an ichor-stained dire flail
 34369 | D:11     | Identified the cursed +3 dire flail of Mury {flame, Dex+5} (You found it on level 11 of the Dungeon)
 34884 | D:11     | Received a gift from Trog
 35575 | D:12     | Noticed Fannar
 35590 | D:12     | Killed Fannar
 35705 | D:12     | Identified the Almanac of Unholy Arts (You found it on level 12 of the Dungeon)
 35917 | D:12     | Got an iridescent short sword
 35919 | D:12     | Identified the cursed +1 short sword of the Sky {pierce, rElec MR+ Dex+2} (You found it on level 12 of the Dungeon)
 35947 | D:12     | Noticed Urug
 35957 | D:12     | Killed Urug
 36605 | D:12     | Reached skill level 10 in Shields
 36926 | D:13     | Reached skill level 15 in Fighting
 36951 | D:13     | Reached XP level 18. HP: 159/159 MP: 26/26
 37317 | D:14     | Found a large runed door.
 37317 | D:14     | Found a large runed door.
 37555 | D:14     | Hired Dateem the naga for 150 gold.
 37558 | D:14     | Your ally Dateem died
 37560 | D:14     | Received a gift from Trog
 37613 | D:14     | Found a gate to the Vaults.
 37951 | D:15     | Entered Level 15 of the Dungeon
 37975 | D:15     | Noticed Josephine
 37987 | D:15     | Killed Josephine
 38245 | D:15     | Found a staircase to the Depths.
 38952 | Vaults:1 | Entered Level 1 of the Vaults
 38955 | Vaults:1 | Received a gift from Trog
 39345 | Vaults:1 | Found Bacoc's Distillery.
 39353 | Vaults:1 | Bought a potion of invisibility for 104 gold pieces
 39353 | Vaults:1 | Bought a potion of might for 52 gold pieces
 39353 | Vaults:1 | Bought a potion of heal wounds for 65 gold pieces
 39353 | Vaults:1 | Bought a potion of haste for 130 gold pieces
 39741 | Vaults:1 | Received a gift from Trog
 40703 | Vaults:1 | Received a gift from Trog
 40891 | Vaults:2 | Reached XP level 19. HP: 167/167 MP: 28/28
 41198 | Elf:1    | Entered Level 1 of the Elven Halls
 41374 | Elf:1    | Received a gift from Trog
 41499 | Elf:1    | Found Xieh's Food Shop.
 42120 | Elf:3    | Entered Level 3 of the Elven Halls
 42565 | Elf:3    | Received a gift from Trog
 42718 | Elf:3    | Received a gift from Trog
 42752 | Elf:3    | Reached skill level 16 in Fighting
 42816 | Elf:3    | Reached skill level 15 in Armour
 42888 | Elf:3    | Cast into the Abyss (a deep elf demonologist)
 43121 | Abyss:1  | Noticed a bone dragon
 43136 | Elf:3    | Escaped the Abyss
 43309 | Elf:3    | Cast into the Abyss (a deep elf demonologist)
 43309 | Abyss:1  | Found a corrupted altar of Lugonu.
 43324 | Abyss:1  | Killed a bone dragon
 43324 | Abyss:1  | Reached skill level 15 in Polearms
 43789 | Elf:3    | Escaped the Abyss
 43832 | Elf:3    | Cast into the Abyss (a deep elf sorcerer)
 43847 | Elf:3    | Escaped the Abyss
 43897 | Elf:3    | Received a gift from Trog
 44067 | Elf:3    | Got a translucent ivory ring
 44093 | Elf:3    | Identified the cursed ring "Bybim" {rF++ Str-2 Int+2} (You took it off a deep elf blademaster on level 3 of the Elven Halls)
 44359 | Elf:3    | Got a shimmering plate armour
 44370 | Elf:3    | Identified the cursed +1 plate armour of Namiatid {rC+ rN+ Str-5 Int+3} (You found it on level 3 of the Elven Halls)
 44394 | Elf:3    | Got a bound bronze ring
 44397 | Elf:3    | Identified the ring of Dithmenos's Reproof {rF+ SInv Stlth+} (You found it on level 3 of the Elven Halls)
 44419 | Elf:3    | Got a transparent whip
 44821 | Elf:3    | Found Arudoh's Jewellery Shoppe.
 44908 | Elf:3    | Received a gift from Trog
 45032 | Elf:2    | Reached skill level 1 in Short Blades
 45118 | Elf:2    | Received a gift from Trog
 45119 | Elf:2    | Found a radiant altar of Vehumet.
 45168 | Elf:2    | Found a runed gate.
 45168 | Elf:2    | Found a runed gate.
 45168 | Elf:2    | Found a runed gate.
 45364 | Elf:2    | Gained mutation: You have a pair of large antennae on your head (SInv). [demonic ancestry]
 45364 | Elf:2    | Reached XP level 20. HP: 173/177 MP: 29/29
 45675 | Elf:2    | Received a gift from Trog
 45712 | Elf:2    | Got a shimmering trident {god gift}
 45715 | Elf:2    | Identified the +8 trident of Fogueth {freeze, +Inv} (Trog gifted it to you on level 2 of the Elven Halls)
 46974 | Vaults:2 | Received a gift from Trog
 47166 | Vaults:2 | Found Loyxkal's Armour Emporium.
 48110 | Vaults:2 | Hired Etourgh the naga for 136 gold.
 48114 | Vaults:2 | Lost mutation: Scrolls take you a little longer to read. [helix card]
 48316 | Vaults:3 | Found a staircase to the Crypt.
 48869 | Vaults:3 | Received a gift from Trog
 48929 | Vaults:3 | Reached skill level 17 in Fighting
 49644 | Vaults:4 | Reached skill level 5 in Short Blades
 50422 | Vaults:4 | Received a gift from Trog
 50607 | Vaults:4 | Received a gift from Trog
 50964 | Vaults:5 | Entered Level 5 of the Vaults
 50976 | Vaults:5 | Noticed a golden dragon
 50984 | Vaults:4 | Gained mutation: A powerful demonic guardian rushes to your aid. [demonic ancestry]
 50984 | Vaults:4 | Reached XP level 21. HP: 186/186 MP: 30/30
 51494 | Vaults:5 | Noticed a golden dragon
 51658 | Vaults:4 | Upgraded the game from 0.17-a0-1941-gcc30b76 to 0.17-a0-1945-gfe993df
 51868 | Vaults:4 | Killed a golden dragon
 53080 | Vaults:4 | Received a gift from Trog
 53399 | Vaults:4 | Killed a golden dragon
 53875 | Vaults:4 | Got an encrusted arbalest {penet}
 54504 | Vaults:5 | Identified the cursed +2 arbalest of the Badger {penet, rC+ Int+4 Dex-5} (You took it off a yaktaur captain on level 4 of the Vaults)
 55152 | Vaults:4 | Gained mutation: Your flesh is cold resistant. [demonic ancestry]
 55152 | Vaults:4 | Reached XP level 22. HP: 180/195 MP: 32/32
 55179 | Vaults:5 | Noticed Sojobo
 55401 | Vaults:4 | Killed Sojobo
 55404 | Vaults:4 | Received a gift from Trog
 55404 | Vaults:4 | Reached skill level 18 in Fighting
 55404 | Vaults:4 | Reached skill level 10 in Short Blades
 55409 | Vaults:4 | Got a crude trident {god gift}
 55410 | Vaults:4 | Identified the +2 trident of Urgency {pierce, rPois Dex+8 Stlth+} (Trog gifted it to you on level 4 of the Vaults)
 55507 | Vaults:4 | Got a steaming amber ring
 55975 | Vaults:5 | Cast into the Abyss (a deep elf demonologist)
 56001 | Abyss:1  | Got a twisted plate armour
 56134 | Abyss:1  | Found a corrupted altar of Lugonu.
 56177 | Abyss:1  | Identified the +10 plate armour of Zin's Approval {rC+ Stlth+} (You found it on level 1 of the Abyss)
 56753 | Abyss:1  | Identified the ring of Makhleb's Supremacy {+Fly rElec rF++ Int+3 Dex+3} (You took it off a tengu reaver on level 4 of the Vaults)
 57039 | Vaults:5 | Escaped the Abyss
 57588 | Vaults:5 | Got a silver rune of Zot
 58516 | Crypt:1  | Entered Level 1 of the Crypt
 59761 | Vaults:3 | Reached skill level 5 in Throwing
 60146 | Depths:1 | Entered Level 1 of the Depths
 60365 | Depths:1 | Received a gift from Trog
 60599 | Depths:1 | Found a runed door.
 60959 | Depths:1 | Identified a +6 rod of inaccuracy (9/9) (You found it on level 1 of the Depths)
 61158 | Depths:1 | Reached XP level 23. HP: 201/205 MP: 33/33
 61340 | Depths:1 | Identified a scroll of acquirement
 61946 | Depths:1 | Received a gift from Trog
 62102 | Depths:2 | Noticed the Enchantress
 62111 | Depths:2 | Noticed Saint Roka
 62146 | Depths:2 | Killed Saint Roka
 62159 | Depths:2 | Killed the Enchantress
 62184 | Depths:2 | Received a gift from Trog
 62234 | Depths:2 | Got a faerie dragon armour
 62238 | Depths:2 | Identified the +5 faerie dragon armour {rC- Str+2 Dex+3 Slay+2} (You took it off the Enchantress on level 2 of the Depths)
 62594 | Depths:2 | Found a one-way gate to the infinite horrors of the Abyss.
 62610 | Depths:2 | Found a gateway to a ziggurat.
 63045 | Depths:2 | Received a gift from Trog
 63053 | Depths:2 | Got a crystal mace {holy}
 63132 | Depths:2 | Lost mutation: Your body sometimes deteriorates upon taking damage. [helix card]
 63133 | Depths:2 | Drew Focus: Str increased to 26, Int decreased to 10
 63813 | Depths:3 | Reached skill level 19 in Fighting
 63902 | Depths:3 | Received a gift from Trog
 64047 | Depths:3 | Received a gift from Trog
 64239 | Depths:3 | Found a runed door.
 64375 | Depths:3 | Identified Juxogeu's Compendium of Blistering Conjuration
 64438 | Depths:3 | Found a runed door.
 64443 | Depths:3 | Hired Vuydi the merfolk for 308 gold.
 64444 | Depths:3 | Your ally Vuydi died
 65011 | Depths:3 | Found a one-way gate leading to the halls of Pandemonium.
 65569 | Vaults:2 | Bought a +2 cloak of invisibility for 322 gold pieces
 65920 | Depths:4 | Received a gift from Trog
 65920 | Depths:4 | Gained mutation: You are immune to freezing clouds. [demonic ancestry]
 65920 | Depths:4 | Reached XP level 24. HP: 201/215 MP: 33/33
 66078 | Depths:4 | Received a gift from Trog
 66084 | Depths:4 | Reached skill level 10 in Throwing
 66463 | Depths:4 | Found a portal to a secret trove of treasure.
 67007 | Orc:4    | Bought a potion of beneficial mutation for 525 gold pieces
 67008 | Orc:4    | Gained mutation: You are resistant to hostile enchantments. [potion of beneficial mutation]
 67900 | Depths:3 | Noticed Margery
 67919 | Depths:3 | Killed Margery
 67990 | Depths:3 | Received a gift from Trog
 69163 | Depths:4 | You paid a toll of 2 potions of cure mutation to enter a treasure trove
 69164 | Trove    | Entered a treasure trove
 69184 | Trove    | Got a brightly glowing bone amulet
 69189 | Trove    | Gained mutation: You can spit weak poison. [potion of beneficial mutation]
 69198 | Trove    | Got a faintly humming crystal plate armour
 69200 | Trove    | Identified the +13 crystal plate armour of the Pleiades {rElec MR- Int+6 Dex+4} (You found it in a treasure trove)
 69235 | Trove    | Identified the amulet "Watommea" {Ward rN+ Str+2 Int-5 Dex+8} (You found it in a treasure trove)
 69517 | Depths:4 | Noticed a greater mummy
 69542 | Depths:4 | Killed a greater mummy
 69546 | Depths:4 | Noticed a greater mummy
 69593 | Depths:4 | Killed a greater mummy
 69595 | Depths:4 | Got a fine marble ring
 69599 | Depths:4 | Identified the ring of Xom's Sleight of Hands {rF++ EV+3} (You took it off a greater mummy on level 4 of the Depths)
 69984 | Depths:5 | Entered Level 5 of the Depths
 70027 | Depths:5 | Noticed Frederick
 70042 | Depths:5 | Killed Frederick
 70280 | Depths:5 | Got a shimmering lead ring
 70281 | Depths:5 | Identified the ring of Lugonu's Outrage {Dex+4 Stlth-} (You found it on level 5 of the Depths)
 70790 | Depths:5 | Found a runed door.
 70790 | Depths:5 | Found a runed door.
 70799 | Depths:5 | Received a gift from Trog
 70840 | Depths:5 | Found a runed door.
 70840 | Depths:5 | Found a runed door.
 71042 | Depths:5 | Found a runed door.
 71043 | Depths:5 | Found a runed door.
 71141 | Depths:5 | Received a gift from Trog
 71215 | Depths:5 | Found a gate to the Realm of Zot.
 71272 | Depths:5 | Reached skill level 15 in Evocations
 71405 | Zot:1    | Entered Level 1 of the Realm of Zot
 71465 | Zot:1    | Gained mutation: A frigid envelope surrounds you and freezes all who hurt you. [demonic ancestry]
 71465 | Zot:1    | Reached XP level 25. HP: 184/222 MP: 34/34
 71473 | Zot:1    | Reached skill level 20 in Fighting
 72143 | Zot:2    | Received a gift from Trog
 72179 | Zot:2    | Reached skill level 15 in Dodging
 73635 | Zot:3    | Received a gift from Trog
 73756 | Zot:3    | Gained mutation: Your body sometimes deteriorates upon taking damage. [mutagenic glow]
 75004 | Zot:4    | Reached XP level 26. HP: 101/235 MP: 34/34
 75139 | Zot:4    | Reached skill level 15 in Shields
 75672 | Zot:5    | Entered Level 5 of the Realm of Zot
 75738 | Zot:5    | Reached skill level 21 in Fighting
 75936 | Zot:5    | Noticed an orb of fire
 75963 | Zot:5    | Killed an orb of fire
 76008 | Zot:5    | Noticed an orb of fire
 76013 | Zot:5    | Noticed an ancient lich
 76013 | Zot:5    | Noticed an orb of fire
 76013 | Zot:5    | Gained mutation: You tend to lose your temper in combat. [an orb of fire]
 76043 | Zot:5    | Killed an ancient lich
 76050 | Zot:5    | Gained mutation: Your spells are a little easier to cast, but a little less powerful. [an orb of fire]
 76057 | Zot:5    | Killed an orb of fire
 76061 | Zot:5    | Received a gift from Trog
 76079 | Zot:5    | Gained mutation: Armour fits poorly on your strangely shaped body. [an orb of fire]
 76083 | Zot:5    | Lost mutation: Your natural rate of healing is unusually fast. [an orb of fire]
 76086 | Zot:5    | Killed an orb of fire
 76457 | Zot:5    | Received a gift from Trog
 76560 | Zot:5    | Noticed an ancient lich
 76566 | Zot:5    | Noticed an orb of fire
 76572 | Zot:5    | Noticed an ancient lich
 76575 | Zot:5    | Killed an ancient lich
 76603 | Zot:5    | Killed an orb of fire
 76612 | Zot:5    | Killed an ancient lich
 77324 | Zot:5    | Noticed an orb of fire
 77336 | Zot:5    | Gained mutation: Scrolls take you a little longer to read. [an orb of fire]
 77347 | Zot:5    | Gained mutation: Potions and wands are less effective at restoring your health. [an orb of fire]
 77350 | Zot:5    | Gained mutation: Potions and wands are poor at restoring your health. [an orb of fire]
 77371 | Zot:5    | Killed an orb of fire
 77371 | Zot:5    | Reached XP level 27. HP: 181/245 MP: 35/35
 77372 | Zot:5    | Upgraded the game from 0.17-a0-1945-gfe993df to 0.17-a0-1949-g1acca9a
 77758 | Depths:4 | Lost mutation: You are resistant to hostile enchantments. [potion of cure mutation]
 77758 | Depths:4 | Lost mutation: Scrolls take you a little longer to read. [potion of cure mutation]
 77758 | Depths:4 | Lost mutation: You can spit weak poison. [potion of cure mutation]
 77758 | Depths:4 | Lost mutation: Your body sometimes deteriorates upon taking damage. [potion of cure mutation]
 78243 | Orc:4    | Bought a potion of cure mutation for 525 gold pieces
 78243 | Orc:4    | Lost mutation: Potions and wands are poor at restoring your health. [potion of cure mutation]
 78243 | Orc:4    | Lost mutation: Your muscles are strong. (Str +2) [potion of cure mutation]
 78243 | Orc:4    | Lost mutation: You have very sharp teeth. [potion of cure mutation]
 78243 | Orc:4    | Lost mutation: You possess an exceptional clarity of mind. [potion of cure mutation]
 78243 | Orc:4    | Lost mutation: Armour fits poorly on your strangely shaped body. [potion of cure mutation]
 80370 | Crypt:3  | Entered Level 3 of the Crypt
 80787 | Crypt:3  | Found a basalt altar of Yredelemnul.
 80796 | Crypt:3  | Reached skill level 22 in Fighting
 80883 | Crypt:3  | Got a spiked cloak
 80894 | Crypt:3  | Identified the +3 cloak "Etiskej" {Dex+5} (You acquired it on level 3 of the Crypt)
 81424 | Crypt:3  | Found a staircase to the Tomb.
 81424 | Crypt:3  | Noticed Khufu
 81461 | Crypt:3  | Killed Khufu
 81850 | Tomb:1   | Entered Level 1 of the Tomb of the Ancients
 81956 | Tomb:1   | Received a gift from Trog
 81965 | Tomb:1   | Noticed Herrn's ghost (legendary NaFi)
 82129 | Tomb:1   | Killed Herrn's ghost
 82490 | Tomb:1   | Noticed an ancient lich
 82570 | Tomb:1   | Noticed an ancient lich
 82578 | Tomb:1   | Killed an ancient lich
 82578 | Tomb:1   | Received a gift from Trog
 82696 | Tomb:1   | Noticed Mennas
 82722 | Tomb:1   | Killed Mennas
 83492 | Tomb:2   | Noticed an ancient lich
 84681 | Tomb:1   | Killed an ancient lich
 84685 | Tomb:1   | Killed an ancient lich
 85945 | Tomb:2   | Got a faintly glowing short sword
 86018 | Tomb:2   | Got a smoking scale mail
 86199 | Tomb:2   | Identified the +0 scale mail of Hoipsaf {rElec Dex+4} (You took it off a mummy priest on level 2 of the Tomb of the Ancients)
 91933 | Tomb:1   | Upgraded the game from 0.17-a0-1949-g1acca9a to 0.17-a0-1976-g482a304
 93383 | Tomb:3   | Entered Level 3 of the Tomb of the Ancients
 94204 | Tomb:2   | Reached skill level 23 in Fighting
 94442 | Tomb:3   | Received a gift from Trog
 95571 | Tomb:3   | Got a scorched crystal amulet
 95572 | Tomb:3   | Identified a +3 rod of the swarm (9/9) (You found it on level 3 of the Tomb of the Ancients)
 95656 | Tomb:3   | Received a gift from Trog
 95717 | Tomb:3   | Noticed an ancient lich
 95747 | Tomb:3   | Killed an ancient lich
 95776 | Tomb:3   | Identified the amulet "Hiunkium" {rCorr Int+8} (You found it on level 3 of the Tomb of the Ancients)
 96437 | Tomb:2   | Upgraded the game from 0.17-a0-1976-g482a304 to 0.17-a0-1984-g55f5988
 96873 | Tomb:3   | Got a golden rune of Zot
 96949 | Tomb:3   | Got a shimmering amethyst amulet
 96958 | Tomb:3   | Got a transparent hand axe
 96975 | Tomb:3   | Received a gift from Trog
 97003 | Tomb:3   | Identified the cursed +0 hand axe "Dacys" {venom, rPois MP+9 Str+2} (You found it on level 3 of the Tomb of the Ancients)
 97072 | Tomb:3   | Got a slimy copper ring
 97076 | Tomb:3   | Identified the ring "Senlicyi" {+Inv Dex+3} (You found it on level 3 of the Tomb of the Ancients)
 97083 | Tomb:3   | Identified the amulet "Raosm" {Ward rN+ Int+4} (You found it on level 3 of the Tomb of the Ancients)
 97110 | Tomb:3   | Got a fine hand axe
 97111 | Tomb:3   | Identified the +4 hand axe "Uthohu" {chop, Dex+4 SInv} (You found it on level 3 of the Tomb of the Ancients)
 99102 | Slime:1  | Entered Level 1 of the Pits of Slime
 99600 | Slime:6  | Entered Level 6 of the Pits of Slime
100554 | Slime:6  | Found a viscous altar of Jiyva.
100556 | Slime:6  | Noticed the royal jelly
100568 | Slime:6  | Killed the royal jelly
100597 | Slime:6  | Received a gift from Trog
100711 | Slime:6  | Got a slimy rune of Zot
100740 | Slime:6  | Got a steaming leather armour
100751 | Slime:6  | Identified the cursed +1 leather armour of Duck's Teeth {rF- Int+4 Dex+4 SInv} (You found it on level 6 of the Pits of Slime)
100780 | Slime:6  | Identified Sif Muna's Incunabulum of Illusion
100787 | Slime:6  | Got a faintly glowing shield
100799 | Slime:6  | Identified the +4 shield of the Flute {rF+ MR+ Dex+4} (You found it on level 6 of the Pits of Slime)
100811 | Slime:6  | Received a gift from Trog
100889 | Slime:6  | Got a scorched great mace
100897 | Slime:6  | Identified the +10 great mace of Asuibb {venom, +Inv rF+ MP+9 Dex+2} (You found it on level 6 of the Pits of Slime)
101043 | Slime:1  | Gained mutation: You are frail (-10% HP). [a shining eye]
101100 | Slime:1  | Received a gift from Trog
102187 | Hell     | Entered the Vestibule of Hell
102187 | Hell     | Noticed Geryon
102202 | Hell     | Killed Geryon
102205 | Hell     | Received a gift from Trog
102240 | Hell     | Received a gift from Trog
102546 | Hell     | Received a gift from Trog
102549 | Hell     | Got a pitted spear {god gift}
102550 | Hell     | Identified the +12 spear of the Bear {pierce, rN++ Int+3} (Trog gifted it to you in the Vestibule of Hell)
102653 | Hell     | Found a gateway to the decaying netherworld of Tartarus.
102812 | Hell     | Found a gateway to the ashen valley of Gehenna.
103089 | Hell     | Found a gateway to the freezing wastes of Cocytus.
103201 | Hell     | Found a gateway to the Iron City of Dis.
103457 | Zig:1    | Entered Level 1 of a ziggurat
103484 | Zig:2    | Entered Level 2 of a ziggurat
103530 | Zig:3    | Entered Level 3 of a ziggurat
103564 | Zig:3    | Identified the Volume of Darkness and Earth
103714 | Zig:4    | Entered Level 4 of a ziggurat
103779 | Zig:5    | Entered Level 5 of a ziggurat
103864 | Zig:6    | Entered Level 6 of a ziggurat
103970 | Zig:7    | Entered Level 7 of a ziggurat
103994 | Zig:7    | Received a gift from Trog
104161 | Zig:7    | Got a warped great sword
104164 | Zig:7    | Identified the +6 great sword of Foheled {venom, rC- MP+9 Str-3 Dex+4} (You found it on level 7 of a ziggurat)
104194 | Zig:7    | Identified the Handbook of Conjuration
104204 | Zig:7    | Got a bloodstained scythe
104206 | Zig:7    | Identified the +8 scythe "Mywyc" {flame, Dex+3} (You found it on level 7 of a ziggurat)
104222 | Zig:8    | Entered Level 8 of a ziggurat
104235 | Zig:8    | Noticed Shredu92's ghost (veteran DsGl)
104300 | Zig:8    | Killed Shredu92's ghost
104327 | Zig:8    | Identified a +8 rod of inaccuracy (11/11) (You found it on level 8 of a ziggurat)
104336 | Zig:9    | Entered Level 9 of a ziggurat
104348 | Zig:9    | Noticed Tif Qaff the pandemonium lord
104363 | Zig:9    | Killed Tif Qaff the pandemonium lord
104403 | Zig:9    | Received a gift from Trog
104462 | Zig:9    | Got a distressingly furry ice dragon armour
104473 | Zig:9    | Identified the +3 ice dragon armour "Bojom" {rElec rF- rC++} (You found it on level 9 of a ziggurat)
104790 | Zig:10   | Entered Level 10 of a ziggurat
104857 | Zig:10   | Received a gift from Trog
104904 | Zig:10   | Lost mutation: Potions and wands are less effective at restoring your health. [potion of cure mutation]
104904 | Zig:10   | Lost mutation: You tend to lose your temper in combat. [potion of cure mutation]
104914 | Zig:10   | Got a crude bone amulet
104916 | Zig:10   | Identified the amulet "Ripnirem" {Spirit MR+} (You found it on level 10 of a ziggurat)
104928 | Zig:11   | Entered Level 11 of a ziggurat
104995 | Zig:11   | Received a gift from Trog
105000 | Zig:11   | Reached skill level 24 in Fighting
105302 | Zig:11   | Lost mutation: Your spells are a little easier to cast, but a little less powerful. [potion of cure mutation]
105302 | Zig:11   | Lost mutation: You are frail (-10% HP). [potion of cure mutation]
105302 | Zig:11   | Lost mutation: You passively map a small area around you. [potion of cure mutation]
105320 | Zig:11   | Received a gift from Trog
105350 | Zig:12   | Entered Level 12 of a ziggurat
105414 | Zig:12   | Received a gift from Trog
105502 | Zig:13   | Entered Level 13 of a ziggurat
105532 | Zig:13   | Received a gift from Trog
105586 | Zig:13   | Received a gift from Trog
105604 | Zig:14   | Entered Level 14 of a ziggurat
105958 | Zig:14   | Received a gift from Trog
105992 | Zig:15   | Entered Level 15 of a ziggurat
106068 | Zig:15   | Got a scorched ring mail
106079 | Zig:15   | Identified the cursed +0 ring mail of the Flute {rCorr Int+4} (You found it on level 15 of a ziggurat)
106276 | Zig:16   | Entered Level 16 of a ziggurat
106316 | Zig:16   | Received a gift from Trog
106636 | Zig:16   | Got a scintillating glass ring
106639 | Zig:16   | Identified the ring of Neurosis {*Drain rElec MR+ Stlth+} (You found it on level 16 of a ziggurat)
106657 | Zig:17   | Entered Level 17 of a ziggurat
106669 | Zig:17   | Received a gift from Trog
106735 | Zig:17   | Gained mutation: You are clumsy. (Dex -2) [a neqoxec]
106752 | Zig:17   | Got a crude plate armour
106754 | Zig:17   | Got a clouded marble ring
106758 | Zig:18   | Entered Level 18 of a ziggurat
106783 | Zig:18   | Identified the ring of Gezoumn {+Blink rPois rF+} (You found it on level 17 of a ziggurat)
106823 | Zig:18   | Received a gift from Trog
106844 | Zig:18   | Received a gift from Trog
106859 | Zig:18   | Received a gift from Trog
107081 | Zig:18   | Identified the +2 plate armour "Anop" {rF+} (You found it on level 17 of a ziggurat)
107118 | Zig:18   | Got a scintillating glass ring
107121 | Zig:18   | Identified the ring of Arideucu {Ice Int+4} (You found it on level 18 of a ziggurat)
107131 | Zig:18   | Got a brightly glowing bone ring
107133 | Zig:18   | Identified the ring "Cotamit" {*Contam rF+ rC++ rN+ MR+} (You found it on level 18 of a ziggurat)
107172 | Zig:19   | Entered Level 19 of a ziggurat
107191 | Zig:19   | Noticed an orb of fire
107192 | Zig:19   | Noticed an orb of fire
107201 | Zig:19   | Noticed an orb of fire
107208 | Zig:19   | Noticed an orb of fire
107210 | Zig:19   | Noticed an orb of fire
107210 | Zig:19   | Noticed an orb of fire
107228 | Zig:19   | Gained mutation: You are weak. (Str -2) [an orb of fire]
107254 | Zig:19   | Got an ebony long sword
107256 | Zig:20   | Entered Level 20 of a ziggurat
107494 | Zig:20   | Identified the +10 long sword of Fedhas's Favour {slice, Dex+2} (You found it on level 19 of a ziggurat)
107906 | Zig:20   | Lost mutation: You are weak. (Str -2) [potion of cure mutation]
107906 | Zig:20   | Lost mutation: You are clumsy. (Dex -2) [potion of cure mutation]
107956 | Zig:20   | Received a gift from Trog
108330 | Zig:20   | Got a crude lapis lazuli ring
108332 | Zig:20   | Identified the ring "Puuficy" {+Inv rElec rC+ Str-2} (You found it on level 20 of a ziggurat)
108339 | Zig:20   | Got a pitted iron ring
108377 | Zig:20   | Got a warped plate armour
108388 | Zig:20   | Identified the cursed +0 plate armour of the Forgotten Ghosts {rElec rCorr MP+9} (You found it on level 20 of a ziggurat)
108391 | Zig:20   | Identified the ring of Kowkeonk {Wiz rC+ Str+4} (You found it on level 20 of a ziggurat)
108469 | Pan      | Entered Pandemonium
108701 | Pan      | Received a gift from Trog
108721 | Pan      | Noticed Muis the pandemonium lord
108773 | Pan      | Killed Muis the pandemonium lord
109520 | Pan      | Found a runed door.
109591 | Pan      | Noticed Qyirchume the pandemonium lord
109619 | Pan      | Killed Qyirchume the pandemonium lord
109661 | Pan      | Gained mutation: You are weak. (Str -2) [mutagenic glow]
110064 | Pan      | Upgraded the game from 0.17-a0-1984-g55f5988 to 0.17-a0-1989-gfb2cd5c
110296 | Pan      | Received a gift from Trog
110396 | Pan      | Found an exit through the horrors of the Abyss.
110435 | Pan      | Found a runed door.
110440 | Pan      | Found a runed door.
110450 | Pan      | Found a runed door.
110451 | Pan      | Noticed Benkot the pandemonium lord
110502 | Pan      | Found a runed door.
110509 | Pan      | Killed Benkot the pandemonium lord
110565 | Pan      | Got a demonic rune of Zot
110570 | Pan      | Got a glittering ruby amulet
110572 | Pan      | Identified the amulet of Kageuch {Ward *Confuse rN+ Str+2 Stlth+} (You found it in Pandemonium)
110868 | Pan      | Found an exit through the horrors of the Abyss.
111140 | Pan      | Gained mutation: Your flesh is heat resistant. [potion of mutation]
111140 | Pan      | Gained mutation: You have a beak for a mouth. [potion of mutation]
111140 | Pan      | Gained mutation: You are occasionally teleported to nearby monsters. [potion of mutation]
111141 | Pan      | Lost mutation: You have a beak for a mouth. [potion of cure mutation]
111141 | Pan      | Lost mutation: You are weak. (Str -2) [potion of cure mutation]
111141 | Pan      | Lost mutation: You are occasionally teleported to nearby monsters. [potion of cure mutation]
111285 | Pan      | Gained mutation: Your mind is acute. (Int +2) [potion of mutation]
111285 | Pan      | Gained mutation: Your flesh is very cold resistant. [potion of mutation]
111285 | Pan      | Gained mutation: You expend magic power (3 MP) to strengthen your wands. [potion of mutation]
111286 | Pan      | Lost mutation: Your mind is acute. (Int +2) [potion of cure mutation]
111286 | Pan      | Lost mutation: You expend magic power (3 MP) to strengthen your wands. [potion of cure mutation]
111286 | Pan      | Lost mutation: Your flesh is very cold resistant. [potion of cure mutation]
111286 | Pan      | Lost mutation: Your flesh is heat resistant. [potion of cure mutation]
111405 | Pan      | Received a gift from Trog
111489 | Pan      | Gained mutation: Your flesh is heat resistant. [a cacodemon]
111590 | Pan      | Noticed Zepusoz the pandemonium lord
111619 | Pan      | Killed Zepusoz the pandemonium lord
113669 | Pan      | Found an exit through the horrors of the Abyss.
114092 | Pan      | Paralysed by accursed screaming for 1 turns
114385 | Pan      | Received a gift from Trog
114631 | Pan      | Noticed Starve's ghost (legendary GrHu)
114788 | Pan      | Killed Starve's ghost
114827 | Pan      | Found an exit through the horrors of the Abyss.
115238 | Pan      | Gained mutation: You occasionally shout uncontrollably at your foes. [a neqoxec]
115884 | Pan      | Noticed Ezum the pandemonium lord
115891 | Pan      | Killed Ezum the pandemonium lord
116390 | Pan      | Gained mutation: You sometimes yell uncontrollably at your foes. [a neqoxec]
116436 | Pan      | Received a gift from Trog
116597 | Pan      | Gained mutation: You are clumsy. (Dex -2) [a neqoxec]
116598 | Pan      | Gained mutation: Your mind is acute. (Int +2) [a neqoxec]
116605 | Pan      | Gained mutation: Scrolls take you a little longer to read. [a neqoxec]
117131 | Pan      | Found an exit through the horrors of the Abyss.
117362 | Pan      | Received a gift from Trog
117425 | Pan      | Found a gateway to a ziggurat.
117433 | Zig:1    | Entered Level 1 of a ziggurat
117453 | Zig:2    | Entered Level 2 of a ziggurat
117467 | Zig:3    | Entered Level 3 of a ziggurat
117502 | Zig:4    | Entered Level 4 of a ziggurat
117547 | Zig:5    | Entered Level 5 of a ziggurat
117662 | Zig:6    | Entered Level 6 of a ziggurat
117777 | Zig:7    | Entered Level 7 of a ziggurat
117832 | Zig:7    | Gained mutation: Scrolls take you longer to read. [a neqoxec]
117992 | Zig:7    | Got a glittering turquoise ring
118001 | Zig:7    | Identified the ring of Adinal {Fire Str+3} (You found it on level 7 of a ziggurat)
118014 | Zig:7    | Got a warped platinum amulet
118018 | Zig:7    | Identified the amulet "Tuogg" {Spirit rPois rC++ Str+3 Dex-4} (You found it on level 7 of a ziggurat)
118039 | Zig:8    | Entered Level 8 of a ziggurat
118072 | Zig:8    | Received a gift from Trog
118106 | Zig:8    | Identified the Catalogue of Orientation
118206 | Zig:9    | Entered Level 9 of a ziggurat
118222 | Zig:9    | Received a gift from Trog
118227 | Zig:10   | Entered Level 10 of a ziggurat
118546 | Zig:10   | Received a gift from Trog
118569 | Zig:10   | Lost mutation: You sometimes yell uncontrollably at your foes. [potion of cure mutation]
118569 | Zig:10   | Lost mutation: Your mind is acute. (Int +2) [potion of cure mutation]
118569 | Zig:10   | Lost mutation: Scrolls take you longer to read. [potion of cure mutation]
118569 | Zig:10   | Lost mutation: You are clumsy. (Dex -2) [potion of cure mutation]
118570 | Zig:10   | Lost mutation: Scrolls take you a little longer to read. [potion of cure mutation]
118570 | Zig:10   | Lost mutation: You occasionally shout uncontrollably at your foes. [potion of cure mutation]
118570 | Zig:10   | Lost mutation: Your flesh is heat resistant. [potion of cure mutation]
118640 | Zig:11   | Entered Level 11 of a ziggurat
118666 | Zig:11   | Received a gift from Trog
118847 | Zig:11   | Got a bound steel ring
118849 | Zig:11   | Identified the ring "Zeriun" {+/*Tele rN+ MR+ Int+3} (You found it on level 11 of a ziggurat)
118860 | Zig:12   | Entered Level 12 of a ziggurat
119075 | Zig:13   | Entered Level 13 of a ziggurat
119166 | Zig:13   | Received a gift from Trog
119533 | Zig:13   | Got an ancient battleaxe
119534 | Zig:13   | Identified the +8 battleaxe of Epusm {chop, rN+ Str+2} (You found it on level 13 of a ziggurat)
119570 | Zig:13   | Got a translucent silver ring
119571 | Zig:13   | Identified the ring "Isyriber" {Dex+3 SInv} (You found it on level 13 of a ziggurat)
119574 | Zig:14   | Entered Level 14 of a ziggurat
119587 | Zig:14   | Noticed Imaottug the pandemonium lord
119590 | Zig:15   | Entered Level 15 of a ziggurat
119635 | Zig:15   | Received a gift from Trog
120107 | Zig:15   | Got a heavily runed glass ring
120109 | Zig:15   | Identified the ring "Zaapukke" {+Inv rF+ Str-4 Int+6 Dex+4} (You found it on level 15 of a ziggurat)
120117 | Zig:15   | Got a pair of translucent boots
120142 | Zig:15   | Identified the +0 pair of boots of the Hurricane {-Tele *Contam rC+++ Stlth+} (You found it on level 15 of a ziggurat)
120194 | Zig:15   | Gained mutation: You are frail (-10% HP). [mutagenic glow]
120195 | Zig:15   | Lost mutation: You are frail (-10% HP). [potion of cure mutation]
120442 | Zig:16   | Entered Level 16 of a ziggurat
120781 | Zig:16   | Received a gift from Trog
120803 | Zig:17   | Entered Level 17 of a ziggurat
120823 | Zig:17   | Received a gift from Trog
120846 | Zig:17   | Received a gift from Trog
120866 | Zig:17   | Received a gift from Trog
120892 | Zig:17   | Received a gift from Trog
120933 | Zig:17   | Received a gift from Trog
120991 | Zig:17   | Got a polished bardiche
120994 | Zig:17   | Identified the +7 bardiche of Wuileapt {chop, *Confuse Str-3 Int+7} (You found it on level 17 of a ziggurat)
121108 | Zig:17   | Got a translucent lapis lazuli ring
121109 | Zig:17   | Identified the ring "Jon Amoh" {MP+9 Int+3} (You found it on level 17 of a ziggurat)
121120 | Zig:17   | Upgraded the game from 0.17-a0-1989-gfb2cd5c to 0.17-a0-2024-gc284f19
121170 | Zig:18   | Entered Level 18 of a ziggurat
121483 | Zig:18   | Identified a +5 rod of inaccuracy (13/13) (You found it on level 18 of a ziggurat)
121515 | Zig:18   | Identified a +2 rod of the swarm (10/10) (You found it on level 18 of a ziggurat)
121533 | Zig:19   | Entered Level 19 of a ziggurat
121595 | Zig:19   | Received a gift from Trog
121828 | Zig:20   | Entered Level 20 of a ziggurat
121939 | Pan      | Gained mutation: You are occasionally teleported to nearby monsters. [mutagenic glow]
122011 | Pan      | HP: 10/254 [smoke demon/divine providence (14)]
122016 | Pan      | Lost mutation: You are occasionally teleported to nearby monsters. [potion of cure mutation]
122307 | Pan      | Found an exit through the horrors of the Abyss.
122337 | Pan      | Received a gift from Trog
122341 | Pan      | Identified a +2 rod of the swarm (9/9) (You found it on level 19 of a ziggurat)
122741 | Pan      | Noticed Opihyw the pandemonium lord
122756 | Pan      | Killed Opihyw the pandemonium lord
123000 | Pan      | Found an exit through the horrors of the Abyss.
123072 | Pan      | Received a gift from Trog
123365 | Pan      | Gained mutation: You are dopey. (Int -2) [a neqoxec]
123371 | Pan      | Gained mutation: Scrolls take you a little longer to read. [a neqoxec]
123483 | Pan      | Noticed Yrril the pandemonium lord
123489 | Pan      | Reached skill level 25 in Polearms
123504 | Pan      | Killed Yrril the pandemonium lord
123789 | Pan      | Gained mutation: Scrolls take you longer to read. [a neqoxec]
123943 | Depths:3 | Escaped Pandemonium
124008 | Pan      | Entered Pandemonium
124030 | Pan      | Received a gift from Trog
124394 | Pan      | Found an exit through the horrors of the Abyss.
124433 | Pan      | Noticed Qupyef the pandemonium lord
124448 | Pan      | Killed Qupyef the pandemonium lord
125167 | Pan      | Got a pair of pitted boots
125171 | Pan      | Identified the cursed -2 pair of boots "Jeurizotacw" {rC+} (You found it in Pandemonium)
125180 | Pan      | Received a gift from Trog
125305 | Pan      | Found an exit through the horrors of the Abyss.
125483 | Pan      | Found an exit through the horrors of the Abyss.
125976 | Pan      | Gained mutation: You are weak. (Str -2) [a neqoxec]
125978 | Pan      | Gained mutation: You are clumsy. (Dex -2) [a neqoxec]
125987 | Pan      | Gained mutation: You are very clumsy. (Dex -4) [a neqoxec]
125989 | Pan      | Noticed Jiugu the pandemonium lord
125993 | Pan      | Gained mutation: Your magical capacity is low (-10% MP). [a neqoxec]
126000 | Pan      | Gained mutation: Your body sometimes deteriorates upon taking damage. [a neqoxec]
126005 | Pan      | Killed Jiugu the pandemonium lord
126005 | Pan      | Received a gift from Trog
126007 | Pan      | Gained mutation: Armour fits poorly on your strangely shaped body. [a neqoxec]
126015 | Pan      | Gained mutation: You tend to lose your temper in combat. [a neqoxec]
126211 | Pan      | Received a gift from Trog
126312 | Pan      | Found an exit through the horrors of the Abyss.
126443 | Pan      | Received a gift from Trog
126444 | Pan      | Gained mutation: You are frail (-10% HP). [a cacodemon]
126446 | Pan      | Gained mutation: Your magical capacity is very low (-20% MP). [a cacodemon]
126609 | Pan      | Noticed Itire the pandemonium lord
126643 | Pan      | Killed Itire the pandemonium lord
126646 | Pan      | Lost mutation: Scrolls take you longer to read. [a cacodemon]
126671 | Pan      | Lost mutation: Scrolls take you a little longer to read. [potion of cure mutation]
126671 | Pan      | Lost mutation: Armour fits poorly on your strangely shaped body. [potion of cure mutation]
126671 | Pan      | Lost mutation: You are frail (-10% HP). [potion of cure mutation]
126671 | Pan      | Lost mutation: You are very clumsy. (Dex -4) [potion of cure mutation]
126671 | Pan      | Lost mutation: You are dopey. (Int -2) [potion of cure mutation]
126672 | Pan      | Lost mutation: Your body sometimes deteriorates upon taking damage. [potion of cure mutation]
126672 | Pan      | Lost mutation: You tend to lose your temper in combat. [potion of cure mutation]
126672 | Pan      | Lost mutation: You are weak. (Str -2) [potion of cure mutation]
126672 | Pan      | Lost mutation: Your magical capacity is very low (-20% MP). [potion of cure mutation]
126673 | Pan      | Lost mutation: Your magical capacity is low (-10% MP). [potion of cure mutation]
126673 | Pan      | Lost mutation: You are clumsy. (Dex -2) [potion of cure mutation]
126919 | Pan      | Gained mutation: Your magical capacity is low (-10% MP). [a neqoxec]
127086 | Pan      | Entered the realm of Cerebov.
127317 | Pan      | Received a gift from Trog
127383 | Pan      | Noticed Cerebov
127480 | Pan      | Killed Cerebov
127667 | Pan      | Identified a +5 rod of shadows (13/13) (You took it off a balrug in Pandemonium)
127810 | Pan      | Identified the Volume of Floating Boosts
128066 | Pan      | Got a clouded lead ring
128068 | Pan      | Identified the ring of Equilibrium {Ice MR++ MP-9 Str+4 SInv} (You found it in Pandemonium)
128095 | Pan      | Got a fiery rune of Zot
128172 | Pan      | Gained mutation: You are dopey. (Int -2) [a cacodemon]
128225 | Pan      | Received a gift from Trog
128291 | Pan      | Gained mutation: Your system is resistant to poisons. [a cacodemon]
128427 | Pan      | Entered the realm of Lom Lobon.
128638 | Pan      | Noticed Lom Lobon
128660 | Pan      | Got a magical rune of Zot
128673 | Pan      | Found an exit through the horrors of the Abyss.
128731 | Pan      | Found a huge runed gate.
128850 | Pan      | Noticed Lom Lobon
129084 | Pan      | Gained mutation: You have large cloven feet. [a cacodemon]
129267 | Pan      | Noticed Lom Lobon
129296 | Depths:3 | Escaped Pandemonium
129649 | Depths:3 | Upgraded the game from 0.17-a0-2024-gc284f19 to 0.17-a0-2030-g9ce824c
129668 | Pan      | Entered the realm of Mnoleg.
129668 | Pan      | Entered Pandemonium
129775 | Pan      | Gained mutation: Your magical capacity is very low (-20% MP). [a cacodemon]
129790 | Pan      | Gained mutation: You are weak. (Str -2) [a neqoxec]
129805 | Pan      | Gained mutation: You expend magic power (3 MP) to strengthen your wands. [a neqoxec]
129902 | Pan      | Received a gift from Trog
129905 | Pan      | Gained mutation: You are very dopey. (Int -4) [a cacodemon]
129917 | Pan      | Paralysed by a giant eyeball for 4 turns
129926 | Pan      | Reached skill level 26 in Armour
129960 | Pan      | Gained mutation: Your spells are a little easier to cast, but a little less powerful. [a shining eye]
129980 | Pan      | Lost mutation: You expend magic power (3 MP) to strengthen your wands. [potion of cure mutation]
129980 | Pan      | Lost mutation: You are weak. (Str -2) [potion of cure mutation]
130071 | Pan      | Noticed Mnoleg
130091 | Pan      | Killed Mnoleg
130130 | Pan      | Got a glowing rune of Zot
130227 | Pan      | Entered the realm of Gloorx Vloq.
131292 | Pan      | Noticed Gloorx Vloq
131304 | Pan      | Killed Gloorx Vloq
131324 | Pan      | Got a dark rune of Zot
131794 | Pan      | Found an exit through the horrors of the Abyss.
131875 | Pan      | Received a gift from Trog
132319 | Pan      | Found an exit through the horrors of the Abyss.
132595 | Depths:3 | Escaped Pandemonium
132622 | Tar:1    | Entered Level 1 of Tartarus
133432 | Tar:2    | HP: 6/254 [Brimstone Fiend/blast of hellfire[a lich] (33)]
133780 | Geh:1    | Entered Level 1 of Gehenna
134111 | Zot:5    | Got the Orb of Zot
134588 | D:10     | Noticed Xyokkas the pandemonium lord
134601 | D:10     | Killed Xyokkas the pandemonium lord
134969 | D:1      | Noticed a seraph
134977 | D:$      | Escaped with the Orb!

Vault maps used:
D:1:      wheals_arrival_shading
D:2:      nicolae_overflow_crystal_walls, lemuel_coloured_pillars_altar,
          hangedman_decor_growths
D:3:      nicolae_overflow_hidden_temple, grunt_ministairs_7,
          minmay_goblin_kobold_house, uniq_robin
D:4:      lemuel_crystal_altar, fedhas_bush_and_centaur_altar, first_bread,
          uniq_crazy_yiuf_cottage, uniq_natasha
D:5:      nicolae_dithmenos_shadow_blocks
D:6:      bloody_makhleb, cheibriados_altar_1, grunt_gozag_breadcrumbs,
          kennysheep_generic_room_8
D:7:      nemelex_deck, the_bakery, minmay_holes, nicolae_lava_and_water,
          uniq_prince_ribbit1, uniq_joseph
D:8:      xom_confusion_cloud, erik_lair_orcish_takeover
D:9:      david_orc_5, serial_ice, serial_ice_f, serial_ice_c, serial_ice_i,
          serial_ice_h, serial_ice_a, serial_ice_b
D:10:     uniq_harold, uniq_erolcha, uniq_maud
D:12:     uniq_fannar, uniq_urug
D:14:     hangedman_vaults_entry_quadrant_bands, minmay_misc_feat_doors,
          lightli_elemental_guards
D:15:     gammafunk_enter_depths_forms, minmay_misc_feat_diagonals,
          stair_cage_line, uniq_josephine
Temple:   temple_eino_lava_8
Lair:1:   nicolae_quartered_pool_little, infiniplex_staircase_pool
Lair:2:   cheibrodos_lair_reptile_den, serial_bayou_shore_b,
          lemuel_fruit_fields, infiniplex_staircase_pool_2
Lair:3:   bh_autumn_forest_stairs, uniq_rupert
Lair:4:   beast_lair_carwin_9
Lair:5:   swamp_mist, nicolae_volcano_entry_s_turn, special_room,
          lemuel_fruit_fields
Lair:6:   spider_nest_entry_a, grunt_megastairs_3, serial_bayou_shore_b,
          lemuel_fruit_tree
Lair:7:   minmay_slime_entry_jelly_boxes, serial_bayou_shore_a
Lair:8:   evil_forest, minmay_hedge_maze, serial_bayou_ford_a,
          grunt_megastairs_4
Swamp:1:  evilmike_swamp_ruin_house_4
Swamp:2:  nicolae_swamp_treefoil, uniq_kirke, uniq_frances
Swamp:3:  serial_swamp_ruin, hangedman_swamp_ruin_wall,
          evilmike_swamp_ruin_house_6, swamp_pool5, hangedman_swamp_blocks
Swamp:4:  grunt_swamp_rune_castle, swamp_pool1, nicolae_swamp_little_tower
Spider:1: uniq_louise
Spider:2: uniq_arachne, uniq_aizul, uniq_norris, uniq_asterion
Spider:3: hive_lemuel, uniq_nikola, uniq_donald, uniq_jorgrun
Spider:4: grunt_spider_rune_circles
Slime:4:  cheibrodos_slime_lost_civilization_7
Orc:1:    serial_shops, nicolae_shop_crystal
Orc:2:    serial_shops, shop_fountains, uniq_sonja
Orc:3:    basic_altar, portal_ice_cave_entry_imps, nicolae_orc_pool_cavern
Orc:4:    st_orc_open, basic_altar
Elf:1:    elf_arrival_001, serial_shops, shop, kennysheep_underground_church,
          serial_sigils_hangedman_leer, corexii_checkpoint_a,
          serial_sigils_hangedman_scar
Elf:2:    serial_shops, bzr_in_the_mist, david_defended_altar_elf
Elf:3:    minmay_elf_hall_hex, serial_shops, shop_fountains
Vaults:1: grunt_vaults_trifunnel, hangedman_vaults_hard_town_square,
          ontoclasm_vaults_spin, grunt_vaults_hallway_short,
          vaults_dpeg_encased_lava, vaults_room_corners, v_misc_31, v_pattern_1,
          vaults_room_hallway, vaults_dpeg_diagonal, serial_shops, shop_statue
Vaults:2: hangedman_vaults_corner, v_rooms_5, vaults_room_semicircle, v_rooms_4,
          hangedman_vaults_stagger, nicolae_vaults_gold_heap, v_misc_18,
          nicolae_vaults_murderbox, vaults_room_pools,
          nicolae_vaults_ninety_degrees, grunt_vaults_diagonal,
          vaults_dpeg_hooks, v_alt_pattern_1, nicolae_vaults_angled_halls,
          serial_shops, nicolae_shop_waterfront
Vaults:3: v_misc_29, vaults_room_pool, nicolae_vaults_diagonal_hallway_6,
          ontoclasm_vaults_pinch, minmay_crypt_entry_simple_sparse,
          ontoclasm_vaults_claustrophobia, hangedman_vaults_nodes, v_misc_18,
          vaults_room_boxed, v_misc_8, serial_ice_b
Vaults:4: ontoclasm_vaults_chip, v_misc_2, nicolae_vaults_asterisk,
          hangedman_vaults_slice, nicolae_vaults_little_squares_1,
          ontoclasm_vaults_ligature, ontoclasm_vaults_loading_screen
Vaults:5: serial_shops, uniq_sojobo
Crypt:2:  corexii_hall_statues_s, eino_tiny_chamber
Crypt:3:  grunt_crypt_end_deaths_head
Tomb:1:   uniq_mennas
Depths:1: grunt_hell_horde, hangedman_glass_teeth, minmay_misc_feat_x,
          minmay_crystal_box, serial_bayou_shore_b
Depths:2: lemuel_castle_with_subvaults, enter_ziggurat_e,
          hangedman_coc_ice_floe, nicolae_abyss_entry_one_way_or_another,
          uniq_enchantress, uniq_saint_roka
Depths:3: thingy_vault_2, rand_demon_pan_entry_5, hell_entry,
          nicolae_benzene_ring, infiniplex_staircase_trident, uniq_margery
Depths:4: ragdoll_tomb_raider, nicolae_trove_entry_crystal, abyss_entry,
          hell_entry, eino_tiny_chamber, hangedman_abyss_or_decor_stabs,
          roderic_lattice_octagonal_star
Depths:5: evilmike_zot_entry_castle, hell_entry, serial_sigils,
          serial_sigils_hangedman_gut, serial_sigils_hangedman_gnaw,
          serial_sigils_hangedman_carve, serial_sigils_hangedman_stare,
          serial_sigils_hangedman_gut, serial_sigils_hangedman_quiver,
          uniq_frederick
Tar:1:    evilmike_ambush
Zot:1:    minmay_elemental_castle, grunt_ministairs_15
Zot:2:    grunt_megastairs_2
Zot:3:    grunt_ministairs_13
Abyss:1:  minivault_1
Pan:      grunt_pan_zigzag, rand_demon_9, rand_demon_7, grunt_pan_pentagram,
          lemuel_hellion_island, evilmike_mini_pan_V, pan_blood_fountain_small,
          evilmike_mini_pan_corner, evilmike_mini_pan_T, enter_ziggurat_pan_a,
          pan_blood_fountain_small, rand_demon_4, nicolae_pan_sigil_nadil,
          reaverb_pan_squares, rand_demon_4, rand_demon_6,
          nicolae_pan_hourglass, pan_blood_fountain, evilmike_holy_pan,
          evilmike_mini_pan_pillars_b, nicolae_pan_mnolegish_3,
          evilmike_mini_pan_V, evilmike_mini_pan_corner, nicolae_pan_sigil_obb,
          evilmike_mini_pan_V, evilmike_mini_pan_doors_b, enter_ziggurat_pan_b,
          nicolae_pan_lom_lobonic_1, rand_demon_3, enter_ziggurat_pan_a,
          pan_blood_fountain, evilmike_mini_pan_corridor,
          reaverb_pan_figure_eight, evilmike_mini_pan_diamond,
          pan_blood_fountain_small, nicolae_pan_cerebovesque_2,
          evilmike_mini_pan_doors_b, nicolae_pan_diamonds,
          nicolae_pan_gloorx_vloqian_1, evilmike_cerebov_lava,
          pan_blood_fountain_small, nicolae_pan_sigil_nadil,
          nicolae_pan_cerebovesque_2, rand_demon_7, lom_lobon,
          nicolae_pan_giant_door, uniq_lom_lobon, nicolae_pan_gloorx_vloqian_1,
          evilmike_mini_pan_pillars, uniq_lom_lobon, evilmike_mnoleg_eyes,
          evilmike_gloorx_vloq_box, evilmike_mini_pan_layers,
          nicolae_pan_double_arrow, pan_blood_fountain_2, pan_blood_fountain
Zig:9:    ziggurat_pillar_centre_dead_trees
Zig:11:   ziggurat_pillar_centre_c
Zig:13:   ziggurat_loot_1
Zig:14:   ziggurat_pillar_centre_oklobs
Zig:16:   ziggurat_pillar_centre_smoke, ziggurat_loot_2
Trove:    trove_simple
Volcano:  volcano_overflow

Action                   |  1- 3 |  4- 6 |  7- 9 | 10-12 | 13-15 | 16-18 | 19-21 | 22-24 | 25-27 || total
-------------------------+-------+-------+-------+-------+-------+-------+-------+-------+-------++-------
Melee: Trident           |   142 |    22 |       |    75 |   233 |   112 |  1321 |  2442 |   321 ||  4668
       Halberd           |       |   138 |   437 |   366 |       |    12 |       |       |       ||   953
       Demon trident     |       |       |       |   284 |  1110 |  2002 |   549 |   304 |  8304 || 12553
       Spear             |       |       |       |       |     5 |   165 |       |       |  2137 ||  2307
       Dire flail        |       |       |       |       |       |     6 |       |       |       ||     6
       Pair of quick bla |       |       |       |       |       |       |       |       |    98 ||    98
Throw: Javelin           |       |       |       |    11 |    15 |     3 |       |     8 |       ||    37
       Tomahawk          |       |       |       |       |       |       |       |       |     4 ||     4
Invok: Burn Spellbooks   |       |       |     2 |     2 |     2 |     6 |     5 |     4 |    30 ||    51
       Berserk           |       |       |     1 |     4 |     4 |     3 |     7 |     4 |    39 ||    62
       Trog's Hand       |       |       |       |     4 |     1 |     9 |    18 |     7 |    37 ||    76
       Brothers in Arms  |       |       |       |     1 |       |     4 |     2 |     1 |     5 ||    13
 Abil: Evoke Invisibilit |       |       |       |       |       |       |    15 |     7 |     2 ||    24
       Evoke Flight      |       |       |       |       |       |       |       |     1 |     1 ||     2
       Spit Poison       |       |       |       |       |       |       |       |       |     1 ||     1
Evoke: Wand              |       |       |    19 |    12 |     9 |    19 |    30 |    12 |   135 ||   236
       Deck              |       |       |     3 |     4 |     4 |     5 |    14 |    10 |     7 ||    47
       Disc of storms    |       |       |       |       |       |     1 |       |       |       ||     1
       Phial of floods   |       |       |       |       |       |     2 |    11 |     8 |    28 ||    49
       Stone of tremors  |       |       |       |       |       |     1 |     4 |     4 |    12 ||    21
       Fan of gales      |       |       |       |       |       |       |     7 |     8 |    26 ||    41
       Rod               |       |       |       |       |       |       |       |     1 |     9 ||    10
       Lamp of fire      |       |       |       |       |       |       |       |       |    20 ||    20
       Horn of Geryon    |       |       |       |       |       |       |       |       |    16 ||    16
       Phantom mirror    |       |       |       |       |       |       |       |       |     2 ||     2
  Use: Potion            |       |     2 |     7 |     4 |     5 |       |    12 |     6 |    68 ||   104
       Scroll            |       |       |    16 |    10 |     8 |     7 |    21 |    23 |   111 ||   196
 Stab: Distracted        |       |       |     1 |     2 |     8 |    10 |     6 |    12 |    81 ||   120
       Paralysed         |       |       |     2 |       |       |       |       |       |     4 ||     6
       Confused          |       |       |       |       |     1 |       |       |       |    13 ||    14
       Held in net/web   |       |       |       |       |       |     1 |       |       |       ||     1
       Invisible         |       |       |       |       |       |       |    28 |    17 |    34 ||    79
       Sleeping          |       |       |       |       |       |       |     1 |       |     1 ||     2
       Petrifying        |       |       |       |       |       |       |       |       |     4 ||     4
  Eat: Chunk             |     3 |     4 |    20 |    50 |    25 |    63 |    65 |    44 |   216 ||   490
       Bread ration      |       |     1 |       |       |       |       |       |     2 |    14 ||    17
       Fruit             |       |       |     1 |     1 |     1 |       |       |       |    28 ||    31
       Beef jerky        |       |       |       |       |     1 |       |       |     2 |     8 ||    11
       Royal jelly       |       |       |       |       |       |       |     1 |       |     3 ||     4
       Meat ration       |       |       |       |       |       |       |       |     1 |    20 ||    21
       Pizza             |       |       |       |       |       |       |       |       |     3 ||     3
